Workbook
Name Alsace: 'Sources P2O5 K2O'!$B$53:$B$59
Name années: 'Sources P2O5 K2O'!$B$130:$B$132
Name Auvergne: 'Sources P2O5 K2O'!$B$110:$B$114
Name Basse_Normandie: 'Sources P2O5 K2O'!$B$92:$B$95
Name Bourgogne: 'Sources P2O5 K2O'!$B$67:$B$72
Name Bretagne_Pays_de_Loire: 'Sources P2O5 K2O'!$B$96:$B$100
Name Centre_Bassin_parisien: 'Sources P2O5 K2O'!$B$81:$B$87
Name Centre_Limousin: 'Sources P2O5 K2O'!$B$73:$B$80
Name Champagne_Ardenne: 'Sources P2O5 K2O'!$B$42:$B$47
Name culture: 'Sources P2O5 K2O'!$A$7:$A$24
Name diffré: 'Sources P2O5 K2O'!$F$14:$F$29
Name Franche_Comté: 'Sources P2O5 K2O'!$B$60:$B$66
Name Haute_Marne: 'Sources P2O5 K2O'!$B$107:$B$109
Name Haute_Normandie: 'Sources P2O5 K2O'!$B$88:$B$91
Name Haute_Normandie: 'Sources P2O5 K2O'!$B$88:$B$95
Name HauteNormandie: 'Sources P2O5 K2O'!$B$88:$B$91
Name K2O: 'Sources P2O5 K2O'!$A$25:$A$41
Name K2O: 'Sources P2O5 K2O'!$A$25:$A$41
Name Lorraine: 'Sources P2O5 K2O'!$B$48:$B$52
Name Nord_Picardie: 'Sources P2O5 K2O'!$B$38:$B$41
Name P2O5: 'Sources P2O5 K2O'!$A$7:$A$23
Name P2O5: 'Sources P2O5 K2O'!$A$7:$A$23
Name Poitou_Charentes: 'Sources P2O5 K2O'!$B$101:$B$106
Name Régions: 'Sources P2O5 K2O'!$F$14:$F$29
Name régions: 'Sources P2O5 K2O'!$A$38:$A$124
Name Repousses: 'Sources P2O5 K2O'!$F$10:$F$11
Name Résidus: 'Sources P2O5 K2O'!$F$7:$F$8
Name Rhone_Alpes_Saône_et_Loire: 'Sources P2O5 K2O'!$B$115:$B$122
Name Sud_Ouest: 'Sources P2O5 K2O'!$B$123:$B$124

Sheet Descriptif technique
A1: Fiche de centralisation des données
B4: Descriptif technique
B7: 1/ Unité production biogaz | C7: Valeurs | D7: Unités
B8: Taille digesteur principal | D8: m3 total
B9: Temps de rétention hydraulique minimum | D9: j
B10: Température digesteur | D10: °C
B11: Taille post digesteur | D11: m3 total
B12: Temps de rétention hydraulique post - D min | D12: j
B13: Température post-digesteur | D13: °C
B16: 2/ Valorisation du biogaz | C16: Valeurs | D16: Unités
B17: Puissance co-générateur | C17: =190/C19 -> 826.08696 | D17: kW
B18: Temps de fonctionnement | C18: 8000 | D18: h/an
B19: Efficacité électrique du cogénérateur | C19: =1-C20-0.15 -> 0.23 | D19: %
B20: Rendement thermique cogénérateur/chaudière | C20: 0.62 | D20: %
B23: 5/ Station de traitement du digestat | C23: Valeurs | D23: Unités
B24: Séparateur de phase :
B25: Type
B26: Taux de matière sèche en sortie | D26: %
B27: Taux de capture de l'azote | D27: %
B28: Taux de capture du phophore | D28: %
B29: Taux de capture du potassium | D29: %
B30: Tapis de séchage :
B31: Type
B32: Taux de matière sèche en sortie | D32: %
B33: Taux de capture de l'azote | D33: %
B34: Taux de capture du phophore | D34: %
B35: Taux de capture du potassium | D35: %
B36: Autre procédé de traitement :
B37: Type
B38: Taux de matière sèche en sortie | D38: %
B39: Taux de capture de l'azote | D39: %
B40: Taux de capture du phophore | D40: %
B41: Taux de capture du potassium | D41: %

Sheet Economie
A1: Données économiques
A4: Les investissements | B4: Valeurs | C4: Unité
A5: Unité production biogaz | C5: €
A6: Unité valorisation biogaz | C6: €
A7: Valorisation chaleur 1 | C7: €
A8: Valorisation chaleur 2 | C8: €
A9: Valorisation chaleur n | C9: €
A10: Canalisation (gaz, lisier, eau) | C10: €
A11: Etape traitement 1 | C11: €
A12: Etape traitement 2 | C12: €
A13: Etape traitement n | C13: €
A14: Raccordement électrique | C14: €
A15: Stockage | C15: €
A16: Couverture fosse de stockage | C16: €
... A18: Autres (études, imprévus, etc.) | C18: €
A19: Total investissement | B19: =SUM(B5:B18) -> 0
A21: Observations :
A22: Investissement à détailler ?
A23: Equipements spécifiques, à adapter
A24: Ordre chronologique
A26: Les financements | B26: Nombre | C26: Unité | D26: Prix total (€)
A27: Montant des investissements
A28: Subventions | C28: %
A29: Plafonnées à | C29: €
A30: Montant à emprunter
A31: Taux d'emprunt
A32: Taux d'actualisation
A33: Durée d'amortissement
A34: Durée de vie du co-générateur / chaudière
A35: Durée de vie des autres équipements
A36: Total financements | D36: =SUM(D27:D35) -> 0
A39: Les charges | B39: Nombre | C39: Unité | D39: Prix unitaire (€) | E39: Prix total (€)
A40: Maintenance | C40: MWh
A41: Main d'œuvre | C41: heure/jour
A42: Assurance | B42: 0.01 | C42: Investissement
A43: Consommation électrique | B43: 0.07 | C43: % de la production | D43: 0.6
A44: Surplus épandage | C44: m3/an
A45: Coût de production ou d'appro. en intrants | C45: €
A46: Frais divers Crédit carbone | C46: €
A47: Autres dépenses | C47: €
A48: Total charges | E48: =SUM(E39:E47) -> 0
A50: Note : Pour chaque rubrique où il est difficile d'avoir un chiffre précis (par manque de recul par exemple), nécessité d'une valeur par défaut: harmonisation des prix unitaires et des unités
A57: Les produits | B57: Nombre | C57: Unité | D57: Prix unitaire (€) | E57: Prix total (€)
A58: Vente électricité | C58: MWh
A59: Indemnités de traitement des déchets | C59: Tonne
A60: Epargne Energie | C60: MWh
A61: Vente chaleur | C61: MWh
A62: Crédit carbone | C62: T CO2 eq
A63: Economie d'azote (valorisation engrais)
A64: Epargne d'épandage
A65: Autre
A66: Total Produits | E66: =SUM(E58:E65) -> 0
A69: Bilan | C69: Valeur
A70: Investissements
A71: - hors subventions (€)
A72: - selon puissance installée (€/kW élec)
A73: - avec subventions (€)
A74: Recettes (€/an)
A75: Dépenses d'exploitation (€/an)
A76: Annuités (€/an)
A77: Dépenses brutes d'exploitation (y compris annuités) (€/an)
A78: Excédent brut d'exploitation (€/an)
A79: Solde de trésorerie | C79: =SUM(C71:C78) -> 0
A80: Indicateurs économiques
A81: Temps de retour sur investissement brut (an)
A82: Temps de retour sur investissement avec annuités (an)
A83: Taux de rentabilité interne (%)
A84: Valeur actualisée nette (k€)

Sheet DoseP2O5K2O
A1: Calcul de la dose de P2O5 et K2O à apporter sur les cultures
A3: 1/ Niveau d'exigence de la culture (sources : Comifer 2007)
A5: N° de parcelle | B5: Région/zone | C5: Type de sol | D5: Culture | E5: Niveau d'exigence des cultures
E6: Pour le P2O5 | F6: Pour le K2O
A7: 1 | B7: Bretagne Pays de Loire | C7: Argilo-calcaires profonds sur marne | D7: Avoine | E7: =VLOOKUP(D7,'Sources P2O5 K2O'!$A$7:$B$24,2,FALSE) -> Peu exigentes | F7: =VLOOKUP(D7,'Sources P2O5 K2O'!$A$7:$C$24,3,FALSE) -> Peu exigentes
A8: 2 | B8: Champagne Ardenne | C8: Limon | D8: Colza | E8: =VLOOKUP(D8,'Sources P2O5 K2O'!$A$7:$B$24,2,FALSE) -> Très exigeantes | F8: =VLOOKUP(D8,'Sources P2O5 K2O'!$A$7:$C$24,3,FALSE) -> Moyennement exigeantes
A9: 3 | B9: Lorraine | C9: Argilo-calcaire superficiels (prof<=40cm) | D9: Luzerne | E9: =VLOOKUP(D9,'Sources P2O5 K2O'!$A$7:$B$24,2,FALSE) -> Très exigeantes | F9: =VLOOKUP(D9,'Sources P2O5 K2O'!$A$7:$C$24,3,FALSE) -> Moyennement exigeantes
A10: 4 | B10: Alsace | C10: Hardt superficielle, Ried brun caillouteux | D10: Pomme de terre | E10: =VLOOKUP(D10,'Sources P2O5 K2O'!$A$7:$B$24,2,FALSE) -> Très exigeantes | F10: =VLOOKUP(D10,'Sources P2O5 K2O'!$A$7:$C$24,3,FALSE) -> Très exigeantes
A11: 5 | B11: Auvergne | C11: Alluvions récentes (sableuses) | D11: Blé suivant un blé | E11: =VLOOKUP(D11,'Sources P2O5 K2O'!$A$7:$B$24,2,FALSE) -> Moyennement exigeantes | F11: =VLOOKUP(D11,'Sources P2O5 K2O'!$A$7:$C$24,3,FALSE) -> 0
A12: 6 | B12: Bourgogne | C12: Limons battants | D12: Seigle | E12: =VLOOKUP(D12,'Sources P2O5 K2O'!$A$7:$B$24,2,FALSE) -> Peu exigentes | F12: =VLOOKUP(D12,'Sources P2O5 K2O'!$A$7:$C$24,3,FALSE) -> Peu exigentes
A13: 7 | B13: Centre Limousin | C13: Limon argileux | D13: Maïs ensilage | E13: =VLOOKUP(D13,'Sources P2O5 K2O'!$A$7:$B$24,2,FALSE) -> Moyennement exigeantes | F13: =VLOOKUP(D13,'Sources P2O5 K2O'!$A$7:$C$24,3,FALSE) -> 0
A14: 8 | B14: Centre Bassin parisien | C14: Limons sableux | D14: Orge | E14: =VLOOKUP(D14,'Sources P2O5 K2O'!$A$7:$B$24,2,FALSE) -> Moyennement exigeantes | F14: =VLOOKUP(D14,'Sources P2O5 K2O'!$A$7:$C$24,3,FALSE) -> Peu exigentes
A15: 9 | B15: Haute Normandie | C15: Sables caillouteux non calcaires | D15: Pois | E15: =VLOOKUP(D15,'Sources P2O5 K2O'!$A$7:$B$24,2,FALSE) -> Moyennement exigeantes | F15: =VLOOKUP(D15,'Sources P2O5 K2O'!$A$7:$C$24,3,FALSE) -> Moyennement exigeantes
A16: 10 | B16: Basse Normandie | C16: Terres lourdes | D16: Ray-grass | E16: =VLOOKUP(D16,'Sources P2O5 K2O'!$A$7:$B$24,2,FALSE) -> Moyennement exigeantes | F16: =VLOOKUP(D16,'Sources P2O5 K2O'!$A$7:$C$24,3,FALSE) -> Moyennement exigeantes
A17: 11 | B17: Bretagne Pays de Loire | C17: Sables | D17: Sorgho | E17: =VLOOKUP(D17,'Sources P2O5 K2O'!$A$7:$B$24,2,FALSE) -> Moyennement exigeantes | F17: =VLOOKUP(D17,'Sources P2O5 K2O'!$A$7:$C$24,3,FALSE) -> Peu exigentes
A18: 12 | B18: Poitou Charentes | C18: Aubues légères et champagnes superficielles | D18: Seigle | E18: =VLOOKUP(D18,'Sources P2O5 K2O'!$A$7:$B$24,2,FALSE) -> Peu exigentes | F18: =VLOOKUP(D18,'Sources P2O5 K2O'!$A$7:$C$24,3,FALSE) -> Peu exigentes
... A24: 18 | B24: Bourgogne | C24: Limons battants | D24: Blé tendre | E24: =VLOOKUP(D24,'Sources P2O5 K2O'!$A$7:$B$24,2,FALSE) -> Peu exigentes | F24: =VLOOKUP(D24,'Sources P2O5 K2O'!$A$7:$C$24,3,FALSE) -> Peu exigentes
A26: 2/ Détermination du coefficient
B28: P2O5
A29: N° de parcelle | B29: T impasse (mg/kg) | C29: T renforcé (mg/kg) | D29: Timp -10 % | E29: Timp +10% | F29: 2x Timp | G29: 3x Timp | H29: Nombre d'années sans apports depuis la dernière fertilisation (an) | I29: Teneur en P2O5 du sol retenu (mg/kg) | J29: Coefficient retenu
A30: 1 | B30: {=IFERROR(OFFSET(INDEX('Sources P2O5 K2O'!$C$38:$H$124,MATCH(DoseP2O5K2O!$B7&DoseP2O5K2O!$C7,'Sources P2O5 K2O'!$A$38:$A$124&'Sources P2O5 K2O'!$B$38:$B$124,0),MATCH(DoseP2O5K2O!$E7,'Sources P2O5 K2O'!$C$36:$H$36,0)),,1),"")} -> 120 | C30: {=IFERROR(INDEX('Sources P2O5 K2O'!$C$38:$H$124,MATCH(DoseP2O5K2O!$B7&DoseP2O5K2O!$C7,'Sources P2O5 K2O'!$A$38:$A$124&'Sources P2O5 K2O'!$B$38:$B$124,0),MATCH(DoseP2O5K2O!$E7,'Sources P2O5 K2O'!$C$36:$H$36,0)),"")} -> 50 | D30: =B30-0.1*B30 -> 108 | E30: =B30+0.1*B30 -> 132 | F30: =2*B30 -> 240 | G30: =3*B30 -> 360 | H30: 0 | I30: 40
A31: 2 | B31: {=IFERROR(OFFSET(INDEX('Sources P2O5 K2O'!$C$38:$H$124,MATCH(DoseP2O5K2O!B8&DoseP2O5K2O!C8,'Sources P2O5 K2O'!$A$38:$A$124&'Sources P2O5 K2O'!$B$38:$B$124,0),MATCH(DoseP2O5K2O!E8,'Sources P2O5 K2O'!$C$36:$H$36,0)),,1),"")} -> 160 | C31: {=IFERROR(INDEX('Sources P2O5 K2O'!$C$38:$H$124,MATCH(DoseP2O5K2O!$B8&DoseP2O5K2O!$C8,'Sources P2O5 K2O'!$A$38:$A$124&'Sources P2O5 K2O'!$B$38:$B$124,0),MATCH(DoseP2O5K2O!$E8,'Sources P2O5 K2O'!$C$36:$H$36,0)),"")} -> 100 | D31: =B31-0.1*B31 -> 144 | E31: =B31+0.1*B31 -> 176 | F31: =2*B31 -> 320 | G31: =3*B31 -> 480 | H31: 1 | I31: 160
A32: 3 | B32: {=IFERROR(OFFSET(INDEX('Sources P2O5 K2O'!$C$38:$H$124,MATCH(DoseP2O5K2O!B9&DoseP2O5K2O!C9,'Sources P2O5 K2O'!$A$38:$A$124&'Sources P2O5 K2O'!$B$38:$B$124,0),MATCH(DoseP2O5K2O!E9,'Sources P2O5 K2O'!$C$36:$H$36,0)),,1),"")} -> 200 | C32: {=IFERROR(INDEX('Sources P2O5 K2O'!$C$38:$H$124,MATCH(DoseP2O5K2O!$B9&DoseP2O5K2O!$C9,'Sources P2O5 K2O'!$A$38:$A$124&'Sources P2O5 K2O'!$B$38:$B$124,0),MATCH(DoseP2O5K2O!$E9,'Sources P2O5 K2O'!$C$36:$H$36,0)),"")} -> 140 | D32: =B32-0.1*B32 -> 180 | E32: =B32+0.1*B32 -> 220 | F32: =2*B32 -> 400 | G32: =3*B32 -> 600 | H32: 0 | I32: 100
A33: 4 | B33: {=IFERROR(OFFSET(INDEX('Sources P2O5 K2O'!$C$38:$H$124,MATCH(DoseP2O5K2O!B10&DoseP2O5K2O!C10,'Sources P2O5 K2O'!$A$38:$A$124&'Sources P2O5 K2O'!$B$38:$B$124,0),MATCH(DoseP2O5K2O!E10,'Sources P2O5 K2O'!$C$36:$H$36,0)),,1),"")} -> 200 | C33: {=IFERROR(INDEX('Sources P2O5 K2O'!$C$38:$H$124,MATCH(DoseP2O5K2O!$B10&DoseP2O5K2O!$C10,'Sources P2O5 K2O'!$A$38:$A$124&'Sources P2O5 K2O'!$B$38:$B$124,0),MATCH(DoseP2O5K2O!$E10,'Sources P2O5 K2O'!$C$36:$H$36,0)),"")} -> 140 | D33: =B33-0.1*B33 -> 180 | E33: =B33+0.1*B33 -> 220 | F33: =2*B33 -> 400 | G33: =3*B33 -> 600 | H33: 2 ou + | I33: 170
A34: 5 | B34: {=IFERROR(OFFSET(INDEX('Sources P2O5 K2O'!$C$38:$H$124,MATCH(DoseP2O5K2O!B11&DoseP2O5K2O!C11,'Sources P2O5 K2O'!$A$38:$A$124&'Sources P2O5 K2O'!$B$38:$B$124,0),MATCH(DoseP2O5K2O!E11,'Sources P2O5 K2O'!$C$36:$H$36,0)),,1),"")} -> 160 | C34: {=IFERROR(INDEX('Sources P2O5 K2O'!$C$38:$H$124,MATCH(DoseP2O5K2O!$B11&DoseP2O5K2O!$C11,'Sources P2O5 K2O'!$A$38:$A$124&'Sources P2O5 K2O'!$B$38:$B$124,0),MATCH(DoseP2O5K2O!$E11,'Sources P2O5 K2O'!$C$36:$H$36,0)),"")} -> 60 | D34: =B34-0.1*B34 -> 144 | E34: =B34+0.1*B34 -> 176 | F34: =2*B34 -> 320 | G34: =3*B34 -> 480 | H34: 0 | I34: 200
A35: 6 | B35: {=IFERROR(OFFSET(INDEX('Sources P2O5 K2O'!$C$38:$H$124,MATCH(DoseP2O5K2O!B12&DoseP2O5K2O!C12,'Sources P2O5 K2O'!$A$38:$A$124&'Sources P2O5 K2O'!$B$38:$B$124,0),MATCH(DoseP2O5K2O!E12,'Sources P2O5 K2O'!$C$36:$H$36,0)),,1),"")} -> 150 | C35: {=IFERROR(INDEX('Sources P2O5 K2O'!$C$38:$H$124,MATCH(DoseP2O5K2O!$B12&DoseP2O5K2O!$C12,'Sources P2O5 K2O'!$A$38:$A$124&'Sources P2O5 K2O'!$B$38:$B$124,0),MATCH(DoseP2O5K2O!$E12,'Sources P2O5 K2O'!$C$36:$H$36,0)),"")} -> 70 | D35: =B35-0.1*B35 -> 135 | E35: =B35+0.1*B35 -> 165 | F35: =2*B35 -> 300 | G35: =3*B35 -> 450 | H35: 2 ou + | I35: 20
A36: 7 | B36: {=IFERROR(OFFSET(INDEX('Sources P2O5 K2O'!$C$38:$H$124,MATCH(DoseP2O5K2O!B13&DoseP2O5K2O!C13,'Sources P2O5 K2O'!$A$38:$A$124&'Sources P2O5 K2O'!$B$38:$B$124,0),MATCH(DoseP2O5K2O!E13,'Sources P2O5 K2O'!$C$36:$H$36,0)),,1),"")} -> 130 | C36: {=IFERROR(INDEX('Sources P2O5 K2O'!$C$38:$H$124,MATCH(DoseP2O5K2O!$B13&DoseP2O5K2O!$C13,'Sources P2O5 K2O'!$A$38:$A$124&'Sources P2O5 K2O'!$B$38:$B$124,0),MATCH(DoseP2O5K2O!$E13,'Sources P2O5 K2O'!$C$36:$H$36,0)),"")} -> 80 | D36: =B36-0.1*B36 -> 117 | E36: =B36+0.1*B36 -> 143 | F36: =2*B36 -> 260 | G36: =3*B36 -> 390 | H36: 0 | I36: 120
A37: 8 | B37: {=IFERROR(OFFSET(INDEX('Sources P2O5 K2O'!$C$38:$H$124,MATCH(DoseP2O5K2O!B14&DoseP2O5K2O!C14,'Sources P2O5 K2O'!$A$38:$A$124&'Sources P2O5 K2O'!$B$38:$B$124,0),MATCH(DoseP2O5K2O!E14,'Sources P2O5 K2O'!$C$36:$H$36,0)),,1),"")} -> 160 | C37: {=IFERROR(INDEX('Sources P2O5 K2O'!$C$38:$H$124,MATCH(DoseP2O5K2O!$B14&DoseP2O5K2O!$C14,'Sources P2O5 K2O'!$A$38:$A$124&'Sources P2O5 K2O'!$B$38:$B$124,0),MATCH(DoseP2O5K2O!$E14,'Sources P2O5 K2O'!$C$36:$H$36,0)),"")} -> 60 | D37: =B37-0.1*B37 -> 144 | E37: =B37+0.1*B37 -> 176 | F37: =2*B37 -> 320 | G37: =3*B37 -> 480 | H37: 0 | I37: 160
A38: 9 | B38: {=IFERROR(OFFSET(INDEX('Sources P2O5 K2O'!$C$38:$H$124,MATCH(DoseP2O5K2O!B15&DoseP2O5K2O!C15,'Sources P2O5 K2O'!$A$38:$A$124&'Sources P2O5 K2O'!$B$38:$B$124,0),MATCH(DoseP2O5K2O!E15,'Sources P2O5 K2O'!$C$36:$H$36,0)),,1),"")} -> 180 | C38: {=IFERROR(INDEX('Sources P2O5 K2O'!$C$38:$H$124,MATCH(DoseP2O5K2O!$B15&DoseP2O5K2O!$C15,'Sources P2O5 K2O'!$A$38:$A$124&'Sources P2O5 K2O'!$B$38:$B$124,0),MATCH(DoseP2O5K2O!$E15,'Sources P2O5 K2O'!$C$36:$H$36,0)),"")} -> 80 | D38: =B38-0.1*B38 -> 162 | E38: =B38+0.1*B38 -> 198 | F38: =2*B38 -> 360 | G38: =3*B38 -> 540 | H38: 1 | I38: 100
A39: 10 | B39: {=IFERROR(OFFSET(INDEX('Sources P2O5 K2O'!$C$38:$H$124,MATCH(DoseP2O5K2O!B16&DoseP2O5K2O!C16,'Sources P2O5 K2O'!$A$38:$A$124&'Sources P2O5 K2O'!$B$38:$B$124,0),MATCH(DoseP2O5K2O!E16,'Sources P2O5 K2O'!$C$36:$H$36,0)),,1),"")} -> 180 | C39: {=IFERROR(INDEX('Sources P2O5 K2O'!$C$38:$H$124,MATCH(DoseP2O5K2O!$B16&DoseP2O5K2O!$C16,'Sources P2O5 K2O'!$A$38:$A$124&'Sources P2O5 K2O'!$B$38:$B$124,0),MATCH(DoseP2O5K2O!$E16,'Sources P2O5 K2O'!$C$36:$H$36,0)),"")} -> 80 | D39: =B39-0.1*B39 -> 162 | E39: =B39+0.1*B39 -> 198 | F39: =2*B39 -> 360 | G39: =3*B39 -> 540 | H39: 2 ou + | I39: 170
A40: 11 | B40: {=IFERROR(OFFSET(INDEX('Sources P2O5 K2O'!$C$38:$H$124,MATCH(DoseP2O5K2O!B17&DoseP2O5K2O!C17,'Sources P2O5 K2O'!$A$38:$A$124&'Sources P2O5 K2O'!$B$38:$B$124,0),MATCH(DoseP2O5K2O!E17,'Sources P2O5 K2O'!$C$36:$H$36,0)),,1),"")} -> 160 | C40: {=IFERROR(INDEX('Sources P2O5 K2O'!$C$38:$H$124,MATCH(DoseP2O5K2O!$B17&DoseP2O5K2O!$C17,'Sources P2O5 K2O'!$A$38:$A$124&'Sources P2O5 K2O'!$B$38:$B$124,0),MATCH(DoseP2O5K2O!$E17,'Sources P2O5 K2O'!$C$36:$H$36,0)),"")} -> 60 | D40: =B40-0.1*B40 -> 144 | E40: =B40+0.1*B40 -> 176 | F40: =2*B40 -> 320 | G40: =3*B40 -> 480 | H40: 1 | I40: 200
A41: 12 | B41: {=IFERROR(OFFSET(INDEX('Sources P2O5 K2O'!$C$38:$H$124,MATCH(DoseP2O5K2O!B18&DoseP2O5K2O!C18,'Sources P2O5 K2O'!$A$38:$A$124&'Sources P2O5 K2O'!$B$38:$B$124,0),MATCH(DoseP2O5K2O!E18,'Sources P2O5 K2O'!$C$36:$H$36,0)),,1),"")} -> 220 | C41: {=IFERROR(INDEX('Sources P2O5 K2O'!$C$38:$H$124,MATCH(DoseP2O5K2O!$B18&DoseP2O5K2O!$C18,'Sources P2O5 K2O'!$A$38:$A$124&'Sources P2O5 K2O'!$B$38:$B$124,0),MATCH(DoseP2O5K2O!$E18,'Sources P2O5 K2O'!$C$36:$H$36,0)),"")} -> 100 | D41: =B41-0.1*B41 -> 198 | E41: =B41+0.1*B41 -> 242 | F41: =2*B41 -> 440 | G41: =3*B41 -> 660 | H41: 0 | I41: 170
A42: 13 | B42: {=IFERROR(OFFSET(INDEX('Sources P2O5 K2O'!$C$38:$H$124,MATCH(DoseP2O5K2O!B19&DoseP2O5K2O!C19,'Sources P2O5 K2O'!$A$38:$A$124&'Sources P2O5 K2O'!$B$38:$B$124,0),MATCH(DoseP2O5K2O!E19,'Sources P2O5 K2O'!$C$36:$H$36,0)),,1),"")} -> 130 | C42: {=IFERROR(INDEX('Sources P2O5 K2O'!$C$38:$H$124,MATCH(DoseP2O5K2O!$B19&DoseP2O5K2O!$C19,'Sources P2O5 K2O'!$A$38:$A$124&'Sources P2O5 K2O'!$B$38:$B$124,0),MATCH(DoseP2O5K2O!$E19,'Sources P2O5 K2O'!$C$36:$H$36,0)),"")} -> 50 | D42: =B42-0.1*B42 -> 117 | E42: =B42+0.1*B42 -> 143 | F42: =2*B42 -> 260 | G42: =3*B42 -> 390 | H42: 1 | I42: 200
A43: 14 | B43: {=IFERROR(OFFSET(INDEX('Sources P2O5 K2O'!$C$38:$H$124,MATCH(DoseP2O5K2O!B20&DoseP2O5K2O!C20,'Sources P2O5 K2O'!$A$38:$A$124&'Sources P2O5 K2O'!$B$38:$B$124,0),MATCH(DoseP2O5K2O!E20,'Sources P2O5 K2O'!$C$36:$H$36,0)),,1),"")} -> 120 | C43: {=IFERROR(INDEX('Sources P2O5 K2O'!$C$38:$H$124,MATCH(DoseP2O5K2O!$B20&DoseP2O5K2O!$C20,'Sources P2O5 K2O'!$A$38:$A$124&'Sources P2O5 K2O'!$B$38:$B$124,0),MATCH(DoseP2O5K2O!$E20,'Sources P2O5 K2O'!$C$36:$H$36,0)),"")} -> 50 | D43: =B43-0.1*B43 -> 108 | E43: =B43+0.1*B43 -> 132 | F43: =2*B43 -> 240 | G43: =3*B43 -> 360 | H43: 0 | I43: 20
A44: 15 | B44: {=IFERROR(OFFSET(INDEX('Sources P2O5 K2O'!$C$38:$H$124,MATCH(DoseP2O5K2O!B21&DoseP2O5K2O!C21,'Sources P2O5 K2O'!$A$38:$A$124&'Sources P2O5 K2O'!$B$38:$B$124,0),MATCH(DoseP2O5K2O!E21,'Sources P2O5 K2O'!$C$36:$H$36,0)),,1),"")} -> 150 | C44: {=IFERROR(INDEX('Sources P2O5 K2O'!$C$38:$H$124,MATCH(DoseP2O5K2O!$B21&DoseP2O5K2O!$C21,'Sources P2O5 K2O'!$A$38:$A$124&'Sources P2O5 K2O'!$B$38:$B$124,0),MATCH(DoseP2O5K2O!$E21,'Sources P2O5 K2O'!$C$36:$H$36,0)),"")} -> 70 | D44: =B44-0.1*B44 -> 135 | E44: =B44+0.1*B44 -> 165 | F44: =2*B44 -> 300 | G44: =3*B44 -> 450 | H44: 0 | I44: 120
A45: 16 | B45: {=IFERROR(OFFSET(INDEX('Sources P2O5 K2O'!$C$38:$H$124,MATCH(DoseP2O5K2O!B22&DoseP2O5K2O!C22,'Sources P2O5 K2O'!$A$38:$A$124&'Sources P2O5 K2O'!$B$38:$B$124,0),MATCH(DoseP2O5K2O!E22,'Sources P2O5 K2O'!$C$36:$H$36,0)),,1),"")} -> 120 | C45: {=IFERROR(INDEX('Sources P2O5 K2O'!$C$38:$H$124,MATCH(DoseP2O5K2O!$B22&DoseP2O5K2O!$C22,'Sources P2O5 K2O'!$A$38:$A$124&'Sources P2O5 K2O'!$B$38:$B$124,0),MATCH(DoseP2O5K2O!$E22,'Sources P2O5 K2O'!$C$36:$H$36,0)),"")} -> 40 | D45: =B45-0.1*B45 -> 108 | E45: =B45+0.1*B45 -> 132 | F45: =2*B45 -> 240 | G45: =3*B45 -> 360 | H45: 0 | I45: 160
A46: 17 | B46: {=IFERROR(OFFSET(INDEX('Sources P2O5 K2O'!$C$38:$H$124,MATCH(DoseP2O5K2O!B23&DoseP2O5K2O!C23,'Sources P2O5 K2O'!$A$38:$A$124&'Sources P2O5 K2O'!$B$38:$B$124,0),MATCH(DoseP2O5K2O!E23,'Sources P2O5 K2O'!$C$36:$H$36,0)),,1),"")} -> 150 | C46: {=IFERROR(INDEX('Sources P2O5 K2O'!$C$38:$H$124,MATCH(DoseP2O5K2O!$B23&DoseP2O5K2O!$C23,'Sources P2O5 K2O'!$A$38:$A$124&'Sources P2O5 K2O'!$B$38:$B$124,0),MATCH(DoseP2O5K2O!$E23,'Sources P2O5 K2O'!$C$36:$H$36,0)),"")} -> 70 | D46: =B46-0.1*B46 -> 135 | E46: =B46+0.1*B46 -> 165 | F46: =2*B46 -> 300 | G46: =3*B46 -> 450 | H46: 0 | I46: 100
A47: 18 | B47: {=IFERROR(OFFSET(INDEX('Sources P2O5 K2O'!$C$38:$H$124,MATCH(DoseP2O5K2O!B24&DoseP2O5K2O!C24,'Sources P2O5 K2O'!$A$38:$A$124&'Sources P2O5 K2O'!$B$38:$B$124,0),MATCH(DoseP2O5K2O!E24,'Sources P2O5 K2O'!$C$36:$H$36,0)),,1),"")} -> 150 | C47: {=IFERROR(INDEX('Sources P2O5 K2O'!$C$38:$H$124,MATCH(DoseP2O5K2O!$B24&DoseP2O5K2O!$C24,'Sources P2O5 K2O'!$A$38:$A$124&'Sources P2O5 K2O'!$B$38:$B$124,0),MATCH(DoseP2O5K2O!$E24,'Sources P2O5 K2O'!$C$36:$H$36,0)),"")} -> 70 | D47: =B47-0.1*B47 -> 135 | E47: =B47+0.1*B47 -> 165 | F47: =2*B47 -> 300 | G47: =3*B47 -> 450 | H47: 0 | I47: 100
B49: K2O
A50: N° de parcelle | B50: T impasse (mg/kg) | C50: T renforcé (mg/kg) | D50: Timp -10 % | E50: Timp +10% | F50: 2x Timp | G50: 3x Timp | H50: Nombre d'années sans apports depuis la dernière fertilisation | I50: Teneur en K2O du sol retenu (mg/kg) | J50: Coefficient retenu
A51: 1 | B51: {=IFERROR(OFFSET(INDEX('Sources P2O5 K2O'!$I$38:$N$124,MATCH(DoseP2O5K2O!$B7&DoseP2O5K2O!$C7,'Sources P2O5 K2O'!$A$38:$A$124&'Sources P2O5 K2O'!$B$38:$B$124,0),MATCH(DoseP2O5K2O!$F7,'Sources P2O5 K2O'!$I$36:$N$36,0)),,1),"")} -> 180 | C51: {=IFERROR(INDEX('Sources P2O5 K2O'!$I$38:$N$124,MATCH(DoseP2O5K2O!$B7&DoseP2O5K2O!$C7,'Sources P2O5 K2O'!$A$38:$A$124&'Sources P2O5 K2O'!$B$38:$B$124,0),MATCH(DoseP2O5K2O!$F7,'Sources P2O5 K2O'!$I$36:$N$36,0)),"")} -> 100 | D51: =B51-0.1*B51 -> 162 | E51: =B51+0.1*B51 -> 198 | F51: =2*B51 -> 360 | G51: =3*B51 -> 540 | H51: 1 | I51: 120
A52: 2 | B52: {=IFERROR(OFFSET(INDEX('Sources P2O5 K2O'!$I$38:$N$124,MATCH(DoseP2O5K2O!$B8&DoseP2O5K2O!$C8,'Sources P2O5 K2O'!$A$38:$A$124&'Sources P2O5 K2O'!$B$38:$B$124,0),MATCH(DoseP2O5K2O!$F8,'Sources P2O5 K2O'!$I$36:$N$36,0)),,1),"")} -> 180 | C52: {=IFERROR(INDEX('Sources P2O5 K2O'!$I$38:$N$124,MATCH(DoseP2O5K2O!$B8&DoseP2O5K2O!$C8,'Sources P2O5 K2O'!$A$38:$A$124&'Sources P2O5 K2O'!$B$38:$B$124,0),MATCH(DoseP2O5K2O!$F8,'Sources P2O5 K2O'!$I$36:$N$36,0)),"")} -> 120 | D52: =B52-0.1*B52 -> 162 | E52: =B52+0.1*B52 -> 198 | F52: =2*B52 -> 360 | G52: =3*B52 -> 540 | H52: 2 ou + | I52: 212
A53: 3 | B53: {=IFERROR(OFFSET(INDEX('Sources P2O5 K2O'!$I$38:$N$124,MATCH(DoseP2O5K2O!$B9&DoseP2O5K2O!$C9,'Sources P2O5 K2O'!$A$38:$A$124&'Sources P2O5 K2O'!$B$38:$B$124,0),MATCH(DoseP2O5K2O!$F9,'Sources P2O5 K2O'!$I$36:$N$36,0)),,1),"")} -> 400 | C53: {=IFERROR(INDEX('Sources P2O5 K2O'!$I$38:$N$124,MATCH(DoseP2O5K2O!$B9&DoseP2O5K2O!$C9,'Sources P2O5 K2O'!$A$38:$A$124&'Sources P2O5 K2O'!$B$38:$B$124,0),MATCH(DoseP2O5K2O!$F9,'Sources P2O5 K2O'!$I$36:$N$36,0)),"")} -> 300 | D53: =B53-0.1*B53 -> 360 | E53: =B53+0.1*B53 -> 440 | F53: =2*B53 -> 800 | G53: =3*B53 -> 1200 | H53: 1 | I53: 325
A54: 4 | B54: {=IFERROR(OFFSET(INDEX('Sources P2O5 K2O'!$I$38:$N$124,MATCH(DoseP2O5K2O!$B10&DoseP2O5K2O!$C10,'Sources P2O5 K2O'!$A$38:$A$124&'Sources P2O5 K2O'!$B$38:$B$124,0),MATCH(DoseP2O5K2O!$F10,'Sources P2O5 K2O'!$I$36:$N$36,0)),,1),"")} -> 400 | C54: {=IFERROR(INDEX('Sources P2O5 K2O'!$I$38:$N$124,MATCH(DoseP2O5K2O!$B10&DoseP2O5K2O!$C10,'Sources P2O5 K2O'!$A$38:$A$124&'Sources P2O5 K2O'!$B$38:$B$124,0),MATCH(DoseP2O5K2O!$F10,'Sources P2O5 K2O'!$I$36:$N$36,0)),"")} -> 300 | D54: =B54-0.1*B54 -> 360 | E54: =B54+0.1*B54 -> 440 | F54: =2*B54 -> 800 | G54: =3*B54 -> 1200 | H54: 0 | I54: 50
A55: 5 | B55: {=IFERROR(OFFSET(INDEX('Sources P2O5 K2O'!$I$38:$N$124,MATCH(DoseP2O5K2O!$B11&DoseP2O5K2O!$C11,'Sources P2O5 K2O'!$A$38:$A$124&'Sources P2O5 K2O'!$B$38:$B$124,0),MATCH(DoseP2O5K2O!$F11,'Sources P2O5 K2O'!$I$36:$N$36,0)),,1),"")} | C55: {=IFERROR(INDEX('Sources P2O5 K2O'!$I$38:$N$124,MATCH(DoseP2O5K2O!$B11&DoseP2O5K2O!$C11,'Sources P2O5 K2O'!$A$38:$A$124&'Sources P2O5 K2O'!$B$38:$B$124,0),MATCH(DoseP2O5K2O!$F11,'Sources P2O5 K2O'!$I$36:$N$36,0)),"")} | D55: =B55-0.1*B55 -> #VALUE! | E55: =B55+0.1*B55 -> #VALUE! | F55: =2*B55 -> #VALUE! | G55: =3*B55 -> #VALUE! | H55: 1 | I55: 185
A56: 6 | B56: {=IFERROR(OFFSET(INDEX('Sources P2O5 K2O'!$I$38:$N$124,MATCH(DoseP2O5K2O!$B12&DoseP2O5K2O!$C12,'Sources P2O5 K2O'!$A$38:$A$124&'Sources P2O5 K2O'!$B$38:$B$124,0),MATCH(DoseP2O5K2O!$F12,'Sources P2O5 K2O'!$I$36:$N$36,0)),,1),"")} -> 150 | C56: {=IFERROR(INDEX('Sources P2O5 K2O'!$I$38:$N$124,MATCH(DoseP2O5K2O!$B12&DoseP2O5K2O!$C12,'Sources P2O5 K2O'!$A$38:$A$124&'Sources P2O5 K2O'!$B$38:$B$124,0),MATCH(DoseP2O5K2O!$F12,'Sources P2O5 K2O'!$I$36:$N$36,0)),"")} -> 80 | D56: =B56-0.1*B56 -> 135 | E56: =B56+0.1*B56 -> 165 | F56: =2*B56 -> 300 | G56: =3*B56 -> 450 | H56: 0 | I56: 89
A57: 7 | B57: {=IFERROR(OFFSET(INDEX('Sources P2O5 K2O'!$I$38:$N$124,MATCH(DoseP2O5K2O!$B13&DoseP2O5K2O!$C13,'Sources P2O5 K2O'!$A$38:$A$124&'Sources P2O5 K2O'!$B$38:$B$124,0),MATCH(DoseP2O5K2O!$F13,'Sources P2O5 K2O'!$I$36:$N$36,0)),,1),"")} | C57: {=IFERROR(INDEX('Sources P2O5 K2O'!$I$38:$N$124,MATCH(DoseP2O5K2O!$B13&DoseP2O5K2O!$C13,'Sources P2O5 K2O'!$A$38:$A$124&'Sources P2O5 K2O'!$B$38:$B$124,0),MATCH(DoseP2O5K2O!$F13,'Sources P2O5 K2O'!$I$36:$N$36,0)),"")} | D57: =B57-0.1*B57 -> #VALUE! | E57: =B57+0.1*B57 -> #VALUE! | F57: =2*B57 -> #VALUE! | G57: =3*B57 -> #VALUE! | H57: 2 ou + | I57: 398
A58: 8 | B58: {=IFERROR(OFFSET(INDEX('Sources P2O5 K2O'!$I$38:$N$124,MATCH(DoseP2O5K2O!$B14&DoseP2O5K2O!$C14,'Sources P2O5 K2O'!$A$38:$A$124&'Sources P2O5 K2O'!$B$38:$B$124,0),MATCH(DoseP2O5K2O!$F14,'Sources P2O5 K2O'!$I$36:$N$36,0)),,1),"")} -> 150 | C58: {=IFERROR(INDEX('Sources P2O5 K2O'!$I$38:$N$124,MATCH(DoseP2O5K2O!$B14&DoseP2O5K2O!$C14,'Sources P2O5 K2O'!$A$38:$A$124&'Sources P2O5 K2O'!$B$38:$B$124,0),MATCH(DoseP2O5K2O!$F14,'Sources P2O5 K2O'!$I$36:$N$36,0)),"")} -> 80 | D58: =B58-0.1*B58 -> 135 | E58: =B58+0.1*B58 -> 165 | F58: =2*B58 -> 300 | G58: =3*B58 -> 450 | H58: 1 | I58: 598
A59: 9 | B59: {=IFERROR(OFFSET(INDEX('Sources P2O5 K2O'!$I$38:$N$124,MATCH(DoseP2O5K2O!$B15&DoseP2O5K2O!$C15,'Sources P2O5 K2O'!$A$38:$A$124&'Sources P2O5 K2O'!$B$38:$B$124,0),MATCH(DoseP2O5K2O!$F15,'Sources P2O5 K2O'!$I$36:$N$36,0)),,1),"")} -> 160 | C59: {=IFERROR(INDEX('Sources P2O5 K2O'!$I$38:$N$124,MATCH(DoseP2O5K2O!$B15&DoseP2O5K2O!$C15,'Sources P2O5 K2O'!$A$38:$A$124&'Sources P2O5 K2O'!$B$38:$B$124,0),MATCH(DoseP2O5K2O!$F15,'Sources P2O5 K2O'!$I$36:$N$36,0)),"")} -> 80 | D59: =B59-0.1*B59 -> 144 | E59: =B59+0.1*B59 -> 176 | F59: =2*B59 -> 320 | G59: =3*B59 -> 480 | H59: 0 | I59: 898
A60: 10 | B60: {=IFERROR(OFFSET(INDEX('Sources P2O5 K2O'!$I$38:$N$124,MATCH(DoseP2O5K2O!$B16&DoseP2O5K2O!$C16,'Sources P2O5 K2O'!$A$38:$A$124&'Sources P2O5 K2O'!$B$38:$B$124,0),MATCH(DoseP2O5K2O!$F16,'Sources P2O5 K2O'!$I$36:$N$36,0)),,1),"")} -> 270 | C60: {=IFERROR(INDEX('Sources P2O5 K2O'!$I$38:$N$124,MATCH(DoseP2O5K2O!$B16&DoseP2O5K2O!$C16,'Sources P2O5 K2O'!$A$38:$A$124&'Sources P2O5 K2O'!$B$38:$B$124,0),MATCH(DoseP2O5K2O!$F16,'Sources P2O5 K2O'!$I$36:$N$36,0)),"")} -> 200 | D60: =B60-0.1*B60 -> 243 | E60: =B60+0.1*B60 -> 297 | F60: =2*B60 -> 540 | G60: =3*B60 -> 810 | H60: 2 ou + | I60: 15452
A61: 11 | B61: {=IFERROR(OFFSET(INDEX('Sources P2O5 K2O'!$I$38:$N$124,MATCH(DoseP2O5K2O!$B17&DoseP2O5K2O!$C17,'Sources P2O5 K2O'!$A$38:$A$124&'Sources P2O5 K2O'!$B$38:$B$124,0),MATCH(DoseP2O5K2O!$F17,'Sources P2O5 K2O'!$I$36:$N$36,0)),,1),"")} -> 100 | C61: {=IFERROR(INDEX('Sources P2O5 K2O'!$I$38:$N$124,MATCH(DoseP2O5K2O!$B17&DoseP2O5K2O!$C17,'Sources P2O5 K2O'!$A$38:$A$124&'Sources P2O5 K2O'!$B$38:$B$124,0),MATCH(DoseP2O5K2O!$F17,'Sources P2O5 K2O'!$I$36:$N$36,0)),"")} -> 50 | D61: =B61-0.1*B61 -> 90 | E61: =B61+0.1*B61 -> 110 | F61: =2*B61 -> 200 | G61: =3*B61 -> 300 | H61: 1 | I61: 212
A62: 12 | B62: {=IFERROR(OFFSET(INDEX('Sources P2O5 K2O'!$I$38:$N$124,MATCH(DoseP2O5K2O!$B18&DoseP2O5K2O!$C18,'Sources P2O5 K2O'!$A$38:$A$124&'Sources P2O5 K2O'!$B$38:$B$124,0),MATCH(DoseP2O5K2O!$F18,'Sources P2O5 K2O'!$I$36:$N$36,0)),,1),"")} -> 100 | C62: {=IFERROR(INDEX('Sources P2O5 K2O'!$I$38:$N$124,MATCH(DoseP2O5K2O!$B18&DoseP2O5K2O!$C18,'Sources P2O5 K2O'!$A$38:$A$124&'Sources P2O5 K2O'!$B$38:$B$124,0),MATCH(DoseP2O5K2O!$F18,'Sources P2O5 K2O'!$I$36:$N$36,0)),"")} -> 50 | D62: =B62-0.1*B62 -> 90 | E62: =B62+0.1*B62 -> 110 | F62: =2*B62 -> 200 | G62: =3*B62 -> 300 | H62: 2 ou + | I62: 325
A63: 13 | B63: {=IFERROR(OFFSET(INDEX('Sources P2O5 K2O'!$I$38:$N$124,MATCH(DoseP2O5K2O!$B19&DoseP2O5K2O!$C19,'Sources P2O5 K2O'!$A$38:$A$124&'Sources P2O5 K2O'!$B$38:$B$124,0),MATCH(DoseP2O5K2O!$F19,'Sources P2O5 K2O'!$I$36:$N$36,0)),,1),"")} -> 180 | C63: {=IFERROR(INDEX('Sources P2O5 K2O'!$I$38:$N$124,MATCH(DoseP2O5K2O!$B19&DoseP2O5K2O!$C19,'Sources P2O5 K2O'!$A$38:$A$124&'Sources P2O5 K2O'!$B$38:$B$124,0),MATCH(DoseP2O5K2O!$F19,'Sources P2O5 K2O'!$I$36:$N$36,0)),"")} -> 100 | D63: =B63-0.1*B63 -> 162 | E63: =B63+0.1*B63 -> 198 | F63: =2*B63 -> 360 | G63: =3*B63 -> 540 | H63: 1 | I63: 50
A64: 14 | B64: {=IFERROR(OFFSET(INDEX('Sources P2O5 K2O'!$I$38:$N$124,MATCH(DoseP2O5K2O!$B20&DoseP2O5K2O!$C20,'Sources P2O5 K2O'!$A$38:$A$124&'Sources P2O5 K2O'!$B$38:$B$124,0),MATCH(DoseP2O5K2O!$F20,'Sources P2O5 K2O'!$I$36:$N$36,0)),,1),"")} | C64: {=IFERROR(INDEX('Sources P2O5 K2O'!$I$38:$N$124,MATCH(DoseP2O5K2O!$B20&DoseP2O5K2O!$C20,'Sources P2O5 K2O'!$A$38:$A$124&'Sources P2O5 K2O'!$B$38:$B$124,0),MATCH(DoseP2O5K2O!$F20,'Sources P2O5 K2O'!$I$36:$N$36,0)),"")} | D64: =B64-0.1*B64 -> #VALUE! | E64: =B64+0.1*B64 -> #VALUE! | F64: =2*B64 -> #VALUE! | G64: =3*B64 -> #VALUE! | H64: 0 | I64: 185
A65: 15 | B65: {=IFERROR(OFFSET(INDEX('Sources P2O5 K2O'!$I$38:$N$124,MATCH(DoseP2O5K2O!$B21&DoseP2O5K2O!$C21,'Sources P2O5 K2O'!$A$38:$A$124&'Sources P2O5 K2O'!$B$38:$B$124,0),MATCH(DoseP2O5K2O!$F21,'Sources P2O5 K2O'!$I$36:$N$36,0)),,1),"")} -> 150 | C65: {=IFERROR(INDEX('Sources P2O5 K2O'!$I$38:$N$124,MATCH(DoseP2O5K2O!$B21&DoseP2O5K2O!$C21,'Sources P2O5 K2O'!$A$38:$A$124&'Sources P2O5 K2O'!$B$38:$B$124,0),MATCH(DoseP2O5K2O!$F21,'Sources P2O5 K2O'!$I$36:$N$36,0)),"")} -> 80 | D65: =B65-0.1*B65 -> 135 | E65: =B65+0.1*B65 -> 165 | F65: =2*B65 -> 300 | G65: =3*B65 -> 450 | H65: 2 ou + | I65: 89
A66: 16 | B66: {=IFERROR(OFFSET(INDEX('Sources P2O5 K2O'!$I$38:$N$124,MATCH(DoseP2O5K2O!$B22&DoseP2O5K2O!$C22,'Sources P2O5 K2O'!$A$38:$A$124&'Sources P2O5 K2O'!$B$38:$B$124,0),MATCH(DoseP2O5K2O!$F22,'Sources P2O5 K2O'!$I$36:$N$36,0)),,1),"")} -> 120 | C66: {=IFERROR(INDEX('Sources P2O5 K2O'!$I$38:$N$124,MATCH(DoseP2O5K2O!$B22&DoseP2O5K2O!$C22,'Sources P2O5 K2O'!$A$38:$A$124&'Sources P2O5 K2O'!$B$38:$B$124,0),MATCH(DoseP2O5K2O!$F22,'Sources P2O5 K2O'!$I$36:$N$36,0)),"")} -> 80 | D66: =B66-0.1*B66 -> 108 | E66: =B66+0.1*B66 -> 132 | F66: =2*B66 -> 240 | G66: =3*B66 -> 360 | H66: 1 | I66: 398
A67: 17 | B67: {=IFERROR(OFFSET(INDEX('Sources P2O5 K2O'!$I$38:$N$124,MATCH(DoseP2O5K2O!$B23&DoseP2O5K2O!$C23,'Sources P2O5 K2O'!$A$38:$A$124&'Sources P2O5 K2O'!$B$38:$B$124,0),MATCH(DoseP2O5K2O!$F23,'Sources P2O5 K2O'!$I$36:$N$36,0)),,1),"")} -> 400 | C67: {=IFERROR(INDEX('Sources P2O5 K2O'!$I$38:$N$124,MATCH(DoseP2O5K2O!$B23&DoseP2O5K2O!$C23,'Sources P2O5 K2O'!$A$38:$A$124&'Sources P2O5 K2O'!$B$38:$B$124,0),MATCH(DoseP2O5K2O!$F23,'Sources P2O5 K2O'!$I$36:$N$36,0)),"")} -> 300 | D67: =B67-0.1*B67 -> 360 | E67: =B67+0.1*B67 -> 440 | F67: =2*B67 -> 800 | G67: =3*B67 -> 1200 | H67: 0 | I67: 598
A68: 18 | B68: {=IFERROR(OFFSET(INDEX('Sources P2O5 K2O'!$I$38:$N$124,MATCH(DoseP2O5K2O!$B24&DoseP2O5K2O!$C24,'Sources P2O5 K2O'!$A$38:$A$124&'Sources P2O5 K2O'!$B$38:$B$124,0),MATCH(DoseP2O5K2O!$F24,'Sources P2O5 K2O'!$I$36:$N$36,0)),,1),"")} -> 150 | C68: {=IFERROR(INDEX('Sources P2O5 K2O'!$I$38:$N$124,MATCH(DoseP2O5K2O!$B24&DoseP2O5K2O!$C24,'Sources P2O5 K2O'!$A$38:$A$124&'Sources P2O5 K2O'!$B$38:$B$124,0),MATCH(DoseP2O5K2O!$F24,'Sources P2O5 K2O'!$I$36:$N$36,0)),"")} -> 80 | D68: =B68-0.1*B68 -> 135 | E68: =B68+0.1*B68 -> 165 | F68: =2*B68 -> 300 | G68: =3*B68 -> 450 | H68: 1
A71: 3/ Calcul de la dose à apporter
A73: N° de parcelle | B73: Rendement prévu sur la parcelle (unité de rendement aux normes) | C73: Teneur en P2O5 dans les exportations (kg/unité de rendement aux normes) | D73: Dose de P2O5 à appliquer sur les parcelles (kg/ha) | E73: Teneur en K2O dans les exportations (kg/unité de rendement aux normes) | F73: Dose de K2O à appliquer sur les parcelles (kg/ha)
A74: 1 | D74: =C74*B74*J30 -> 0 | F74: =E74*B74*J51 -> 0
A75: 2 | D75: =C75*B75*J31 -> 0 | F75: =E75*B75*J52 -> 0
A76: 3 | D76: =C76*B76*J32 -> 0 | F76: =E76*B76*J53 -> 0
A77: 4 | D77: =C77*B77*J33 -> 0 | F77: =E77*B77*J54 -> 0
A78: 5 | D78: =C78*B78*J34 -> 0 | F78: =E78*B78*J55 -> 0
A79: 6 | D79: =C79*B79*J35 -> 0 | F79: =E79*B79*J56 -> 0
A80: 7 | D80: =C80*B80*J36 -> 0 | F80: =E80*B80*J57 -> 0
A81: 8 | D81: =C81*B81*J37 -> 0 | F81: =E81*B81*J58 -> 0
A82: 9 | D82: =C82*B82*J38 -> 0 | F82: =E82*B82*J59 -> 0
A83: 10 | D83: =C83*B83*J39 -> 0 | F83: =E83*B83*J60 -> 0
A84: 11 | D84: =C84*B84*J40 -> 0 | F84: =E84*B84*J61 -> 0
A85: 12 | D85: =C85*B85*J41 -> 0 | F85: =E85*B85*J62 -> 0
... A91: 18 | D91: =C91*B91*J47 -> 0 | F91: =E91*B91*J68 -> 0

Sheet DoseN
A1: Calcul de la dose d'azote à apporter sur les cultures
A5: PARCELLES | B5: Numéro parcelle | C5: 1 | D5: 2 | E5: 3 | F5: 4 | G5: 5 | H5: 6 | I5: 7 | J5: 8 | K5: 9 | L5: 10 | M5: 11
B6: Nom agriculteur
B7: Surface
B8: Culture | C8: =DoseP2O5K2O!D7 -> Avoine | D8: =DoseP2O5K2O!D8 -> Colza | E8: =DoseP2O5K2O!D9 -> Luzerne | F8: =DoseP2O5K2O!D10 -> Pomme de terre | G8: =DoseP2O5K2O!D11 -> Blé suivant un blé | H8: =DoseP2O5K2O!D12 -> Seigle | I8: =DoseP2O5K2O!D13 -> Maïs ensilage | J8: =DoseP2O5K2O!D14 -> Orge | K8: =DoseP2O5K2O!D15 -> Pois | L8: =DoseP2O5K2O!D16 -> Ray-grass | M8: =DoseP2O5K2O!D17 -> Sorgho
B9: Précédent
B10: Objectif de rendement
B11: Type de sol | C11: =DoseP2O5K2O!C7 -> Argilo-calcaires profonds sur marne | D11: =DoseP2O5K2O!C8 -> Limon | E11: =DoseP2O5K2O!C9 -> Argilo-calcaire superficiels (prof<=40cm) | F11: =DoseP2O5K2O!C10 -> Hardt superficielle, Ried brun caillouteux | G11: =DoseP2O5K2O!C11 -> Alluvions récentes (sableuses) | H11: =DoseP2O5K2O!C12 -> Limons battants | I11: =DoseP2O5K2O!C13 -> Limon argileux | J11: =DoseP2O5K2O!C14 -> Limons sableux | K11: =DoseP2O5K2O!C15 -> Sables caillouteux non calcaires | L11: =DoseP2O5K2O!C16 -> Terres lourdes | M11: =DoseP2O5K2O!C17 -> Sables
A12: BESOINS TOTAUX (kg N/ha) | B12: Besoins de la culture
B13: Azote restant dans le sol après la récolte
B14: TOTAL DES BESOINS (A) | C14: =SUM(C12:C13) -> 0 | D14: =SUM(D12:D13) -> 0 | E14: =SUM(E12:E13) -> 0 | F14: =SUM(F12:F13) -> 0 | G14: =SUM(G12:G13) -> 0 | H14: =SUM(H12:H13) -> 0 | I14: =SUM(I12:I13) -> 0 | J14: =SUM(J12:J13) -> 0 | ... M14: =SUM(M12:M13) -> 0
A15: FOURNITURES TOTALES (kg N/ha) | B15: Reliquat d’azote minéral sortie hiver
B16: Minéralisation de l’humus
B17: Minéralisation des résidus de la culture précédente ou de la jachère
B18: Arrière effet prairie
B19: Effet direct des amendements organiques
B20: Minéralisation des cultures intermédiaires
B21: Azote déjà absorbé lors de l’analyse du reliquat d’azote (pour les céréales d’hiver et le colza)
B22: TOTAL DES FOURNITURES (B) | C22: =SUM(C15:C21) -> 0 | D22: =SUM(D15:D21) -> 0 | E22: =SUM(E15:E21) -> 0 | F22: =SUM(F15:F21) -> 0 | G22: =SUM(G15:G21) -> 0 | H22: =SUM(H15:H21) -> 0 | I22: =SUM(I15:I21) -> 0 | J22: =SUM(J15:J21) -> 0 | ... M22: =SUM(M15:M21) -> 0
A23: FUMURE A APPORTER kg (N/ha) | B23: FUMURE AZOTEE TOTALE A APPORTER (C = A - B) | C23: =C14-C22 -> 0 | D23: =D14-D22 -> 0 | E23: =E14-E22 -> 0 | F23: =F14-F22 -> 0 | G23: =G14-G22 -> 0 | H23: =H14-H22 -> 0 | I23: =I14-I22 -> 0 | J23: =J14-J22 -> 0 | ... M23: =M14-M22 -> 0
B24: Correction après diagnostic sur plante (D)
B25: DOSE PREVISIONNELLE (E = C + D) | C25: =C23+C24 -> 0 | D25: =D23+D24 -> 0 | E25: =E23+E24 -> 0 | F25: =F23+F24 -> 0 | G25: =G23+G24 -> 0 | H25: =H23+H24 -> 0 | I25: =I23+I24 -> 0 | J25: =J23+J24 -> 0 | ... M25: =M23+M24 -> 0

Sheet Plan épandage
B1: Plan d'épandage unité de méthanisation
B3: Peut regrouper plusieurs exploitants si unité collective
B6: 1/Origine des surfaces | C6: Disponibilités (kg/an)
C7: N | D7: P2O5
B8: Surfaces en propre
B9: GAEC AJP Orvain | C9: 11900 | D9: 4955
B10: Intercultures | C10: 4980 | D10: 1328
B11: Surfaces mises à disposition
B12: James | C12: 924 | D12: 372
B13: Gondinières | C13: 644 | D13: 787
B14: GAEC Orain | C14: 4972 | D14: 2075
B15: GAEC L2J Fortin | C15: 3044 | D15: 976
B16: Thieulent Eric | C16: 2740 | D16: 685
B17: Guillaume Chesnel | C17: 3587 | D17: 919
B18: Martin | C18: 2058 | D18: 929
B19: Pivert | C19: 231 | D19: 83
B20: Charuel | C20: 14094 | D20: 4707
B21: TOTAL | C21: =SUM(C9:C20) -> 49174 | D21: =SUM(D9:D20) -> 17816

Sheet Parcelle n°1
A1: Informations relatives à la parcelle n°1
A3: Parcelle
A4: n° de l'îlot : | C4: Période d'implantation prévue :
A5: Nom du propriétaire : | C5: Surface totale : | E5: ha
A6: Culture en place ou prévue : | C6: Surface épandable fumier : | E6: ha
A7: Variété : | C7: Surface épandable lisier : | E7: ha
A8: Type de sol :
A9: Précédent cultural : | C9: Surface épandable autre effluent organique : | E9: ha
A11: Gestion de l'interculture (précédant la culture principale)
A12: Résidu de récolte du précédent : | B12: Ramassé
A13: Repousses du précédent : | B13: Conservées | C13: Date de destruction (si lieu d'être) :
A14: Si dérobée ou CIPAN, espèce(s) : | C14: Date de semis : | E14: Date de récolte ou destruction :
A15: Objectif de rendement si dérobée (tMS/ha) : | C15: Si dérobée, dose plafond N efficace prévue: | E15: Kg Neff/ha
A16: Rendement obtnu de la dérobée (tMS/ha) : | C16: Dose plafond N total (si engrais organique): | E16: Kg Neff/ha
A18: Apports organiques et/ou minéraux prévus avant ou sur culture dérobée | C18: Teneur (kg/t ou kg/m3) | F18: Dose (t/ha ou m3/ha) (12b) | G18: Surface épandue (ha) | H18: Quantité à épandre
A19: Date d'apport | B19: Nature du produit | C19: N (12a) | D19: P2O5 | E19: K2O | H19: N total | I19: Coeff (12c) | J19: *N efficace(12) | K19: P2O5 | L19: K2O
J20: =I20*F20*C20 -> 0
J21: =I21*F21*C21 -> 0
J22: =I22*F22*C22 -> 0
J23: =I23*F23*C23 -> 0
J24: =I24*F24*C24 -> 0
J25: =I25*F25*C25 -> 0
J26: =I26*F26*C26 -> 0
A27: *Avec (12) = (12a) x (12b) x (12c)
A28: Apports organiques et/ou minéraux réalisés avant ou sur culture dérobée | C28: Teneur (kg/t ou kg/m3) | F28: Dose (t/ha ou m3/ha) (12b) | G28: Surface épandue (ha) | H28: Quantité à épandre (kg/ha)
A29: Date d'apport | B29: Nature du produit | C29: N (12a) | D29: P2O5 | E29: K2O | H29: N total | I29: Coeff (12c) | J29: *N efficace (12) | K29: P2O5 | L29: K2O
J30: =I30*F30*C30 -> 0
J31: =I31*F31*C31 -> 0
J32: =I32*F32*C32 -> 0
J33: =I33*F33*C33 -> 0
J34: =I34*F34*C34 -> 0
J35: =I35*F35*C35 -> 0
J36: =I36*F36*C36 -> 0
A39: Plan prévisionnel de Fumre (N, P2O5, K2O)
A40: Objectif de rendement : | C40: q/ha, tMS/ha | D40: Azote déjà absorbé avant ouverture du bilan : | H40: kg/ha
A41: Reportez votre calcul de dose de N : | C41: kg/ha | D41: Calcul de Dose P2O5 : | H41: kg/ha
A42: Rappel reliquat N sortie d'hiver : | C42: kg/ha | D42: Calcul de Dose K2O : | H42: kg/ha
A44: 1/ Une partie de la dose de N peut être réalisée sous forme Organique (kg/ha)
A45: Période d'apport prévue | C45: Nature du produit | D45: Teneur (kg/t ou kg/m3) | G45: Dose (t/ha ou m3/ha) (12b) | H45: Surface à épandre (ha) | I45: Quantité à épandre (kg/ha)
D46: N (12a) | E46: P2O5 | F46: K2O | I46: N total | J46: Coeff (12c) | K46: *N efficace (12) | L46: P2O5 | M46: K2O
A47: Avant ouverture du bilan | K47: =J47*G47*D47 -> 0
K48: =J48*G48*D48 -> 0
A49: Après ouverture du bilan | K49: =J49*G49*D49 -> 0
K50: =J50*G50*D50 -> 0
K51: =J51*G51*D51 -> 0
A52: 2/ Le solde de la dose N est réalisé sous forme d'engrais Minéral (kg/ha)
A53: Période d'apport prévue | C53: Formule du produit | D53: Teneur (%) | G53: Dose (kg/ha ou L/ha) | H53: Surface à épandre (ha) | I53: Quantité à épandre (kg/ha)
D54: N | E54: P2O5 | F54: K2O | I54: N total | J54: Coeff | K54: N efficace | L54: P2O5 | M54: K2O
A61: Cahier d'épandage
A62: Date d'implantation de la culture principale :
A63: Pilotage de la fertilisation : | B63: Effet pluviométrie sur le reliquat : | D63: oui/non
B64: Utilisation d'un outil de pilotage : | D64: oui/non
A65: Apports organiques | C65: Teneur (kg/t ou kg/m3) | F65: Dose (t/ha ou m3/ha) (12b) | G65: Surface épandue (ha) | H65: Quantité épandue (kg/ha) | M65: Enfouissement (délai, mode…)
A66: Date d'apport | B66: Nature du produit | C66: N (12a) | D66: P2O5 | E66: K2O | H66: N total | I66: Coeff (12c) | J66: *N efficace (12) | K66: P2O5 | L66: K2O
J67: =I67*F67*C67 -> 0
J68: =I68*F68*C68 -> 0
J69: =I69*F69*C69 -> 0
J70: =I70*F70*C70 -> 0
A71: Apports organiques | C71: Teneur (%) | F71: Dose (t/ha ou m3/ha) | G71: Surface épandue (ha) | H71: Quantité épandue (kg/ha) | M71: Remarques (outils, pilotage…)
A72: Date d'apport | B72: Formule du produit | C72: N | D72: P2O5 | E72: K2O | H72: N total | I72: Coeff | J72: N efficace | K72: P2O5 | L72: K2O
A78: Récolte
A79: Date de récolte : | D79: Poids spécifique (PS) (kg) : | G79: Divers (impuretés, % protéines…) :
A80: Rendement obtenu (q/ tMS/ha) : | D80: Taux d'humidité (%) : | G80: Remarques, observations :
A81: Rendement en paille (t/ha) : | D81: PMG (Poids de Mille Grains) (kg) :
A85: Conclusion
A87: Quantité totale d'effluents épandue par l'agriculteur sur la parcelle (m3) | B87: Quantité de minéraux épandue par l'agriculteur sur la parcelle (kg/ha) | E87: Quantité totale d'effluents épandue par le preteur de terre sur la parcelle(m3) | F87: Quantité de minéraux épandue par le preteur de terre sur la parcelle (kg/ha) | I87: Quantité totale d'effluents épandue par le preteur de terre et l'agriculteur (m3) | J87: Quantité de minéraux épandue sur la parcelle par le prêteur de tere et l'agriculteur(kg/ha)
B88: N total | C88: P2O5 | D88: K2O | F88: N total | G88: P2O5 | H88: K2O | J88: N total | K88: P2O5 | L88: K2O
I89: =E89+A89 -> 0 | J89: =F89+B89 -> 0 | K89: =G89+C89 -> 0 | L89: =H89+D89 -> 0
A92: Quantité totale d'effluents pouvant être épandue sur la parcelle (m3) | B92: Quantité de minéraux pouvant être épandue (kg/ha) | F92: Différence de quantité d'effluents épandue (m3) | G92: Différence de quantité de minéraux épandue (kg/ha)
B93: N total | C93: P2O5 | D93: K2O | G93: N total | H93: P2O5 | I93: K2O
F94: =A94-I89 -> 0 | G94: =B94-J89 -> 0 | H94: =C94-K89 -> 0 | I94: =D94-L89 -> 0

Sheet Parcelle n°n
A1: Informations relatives à la parcelle n°n
A3: Parcelle
A4: n° de l'îlot : | C4: Période d'implantation prévue :
A5: Nom du propriétaire : | C5: Surface totale : | E5: ha
A6: Culture en place ou prévue : | C6: Surface épandable fumier : | E6: ha
A7: Variété :
A8: Type de sol : | C8: Surface épandable lisier : | E8: ha
A9: Précédent cultural : | C9: Surface épandable autre effluent organique : | E9: ha
A11: Gestion de l'interculture (précédant la culture principale)
A12: Résidu de récolte du précédent : | B12: Ramassé
A13: Repousses du précédent : | B13: Conservées | C13: Date de destruction (si lieu d'être) :
A14: Si dérobée ou CIPAN, espèce(s) : | C14: Date de semis : | E14: Date de récolte ou destruction :
A15: Objectif de rendement si dérobée (tMS/ha) : | C15: Si dérobée, dose plafond N efficace prévue: | E15: Kg Neff/ha
A16: Rendement obtnu de la dérobée (tMS/ha) : | C16: Dose plafond N total (si engrais organique): | E16: Kg Neff/ha
A18: Apports organiques et/ou minéraux prévus avant ou sur culture dérobée | C18: Teneur (kg/t ou kg/m3) | F18: Dose (t/ha ou m3/ha) (12b) | G18: Surface épandue (ha) | H18: Quantité à épandre
A19: Date d'apport | B19: Nature du produit | C19: N (12a) | D19: P2O5 | E19: K2O | H19: N total | I19: Coeff (12c) | J19: *N efficace(12) | K19: P2O5 | L19: K2O
A27: *Avec (12) = (12a) x (12b) x (12c)
A28: Apports organiques et/ou minéraux réalisés avant ou sur culture dérobée | C28: Teneur (kg/t ou kg/m3) | F28: Dose (t/ha ou m3/ha) (12b) | G28: Surface épandue (ha) | H28: Quantité à épandre (kg/ha)
A29: Date d'apport | B29: Nature du produit | C29: N (12a) | D29: P2O5 | E29: K2O | H29: N total | I29: Coeff (12c) | J29: *N efficace (12) | K29: P2O5 | L29: K2O
A39: Plan prévisionnel de Fumre (N, P2O5, K2O)
A40: Objectif de rendement : | C40: q/ha, tMS/ha | D40: Azote déjà absorbé avant ouverture du bilan : | H40: kg/ha
A41: Reportez votre calcul de dose de N : | C41: kg/ha | D41: Calcul de Dose P2O5 : | H41: kg/ha
A42: Rappel reliquat N sortie d'hiver : | C42: kg/ha | D42: Calcul de Dose K2O : | H42: kg/ha
A44: 1/ Une partie de la dose de N peut être réalisée sous forme Organique (kg/ha)
A45: Période d'apport prévue | C45: Nature du produit | D45: Teneur (kg/t ou kg/m3) | G45: Dose (t/ha ou m3/ha) (12b) | H45: Surface à épandre (ha) | I45: Quantité à épandre (kg/ha)
D46: N (12a) | E46: P2O5 | F46: K2O | I46: N total | J46: Coeff (12c) | K46: *N efficace (12) | L46: P2O5 | M46: K2O
A47: Avant ouverture du bilan
A49: Après ouverture du bilan
A52: 2/ Le solde de la dose N est réalisé sous forme d'engrais Minéral (kg/ha)
A53: Période d'apport prévue | C53: Formule du produit | D53: Teneur (%) | G53: Dose (kg/ha ou L/ha) | H53: Surface à épandre (ha) | I53: Quantité à épandre (kg/ha)
D54: N | E54: P2O5 | F54: K2O | I54: N total | J54: Coeff | K54: N efficace | L54: P2O5 | M54: K2O
A61: Cahier d'épandage
A62: Date d'implantation de la culture principale :
A63: Pilotage de la fertilisation : | B63: Effet pluviométrie sur le reliquat : | D63: oui/non
B64: Utilisation d'un outil de pilotage : | D64: oui/non
A65: Apports organiques | C65: Teneur (kg/t ou kg/m3) | F65: Dose (t/ha ou m3/ha) (12b) | G65: Surface épandue (ha) | H65: Quantité épandue (kg/ha) | M65: Enfouissement (délai, mode…)
A66: Date d'apport | B66: Nature du produit | C66: N (12a) | D66: P2O5 | E66: K2O | H66: N total | I66: Coeff (12c) | J66: *N efficace (12) | K66: P2O5 | L66: K2O
A71: Apports organiques | C71: Teneur (%) | F71: Dose (t/ha ou m3/ha) | G71: Surface épandue (ha) | H71: Quantité épandue (kg/ha) | M71: Remarques (outils, pilotage…)
A72: Date d'apport | B72: Formule du produit | C72: N | D72: P2O5 | E72: K2O | H72: N total | I72: Coeff | J72: N efficace | K72: P2O5 | L72: K2O
A78: Récolte
A79: Date de récolte : | D79: Poids spécifique (PS) (kg) : | G79: Divers (impuretés, % protéines…) :
A80: Rendement obtenu (q/ tMS/ha) : | D80: Taux d'humidité (%) : | G80: Remarques, observations :
A81: Rendement en paille (t/ha) : | D81: PMG (Poids de Mille Grains) (kg) :
A85: Conclusion
A87: Quantité totale d'effluents épandue par l'agriculteur sur la parcelle (m3) | B87: Quantité de minéraux épandue par l'agriculteur sur la parcelle (kg/ha) | E87: Quantité totale d'effluents épandue par le preteur de terre sur la parcelle(m3) | F87: Quantité de minéraux épandue par le preteur de terre sur la parcelle (kg/ha) | I87: Quantité totale d'effluents épandue par le preteur de terre et l'agriculteur (m3) | J87: Quantité de minéraux épandue sur la parcelle par le prêteur de tere et l'agriculteur(kg/ha)
B88: N total | C88: P2O5 | D88: K2O | F88: N total | G88: P2O5 | H88: K2O | J88: N total | K88: P2O5 | L88: K2O
I89: =E89+A89 -> 0 | J89: =F89+B89 -> 0 | K89: =G89+C89 -> 0 | L89: =H89+D89 -> 0
A92: Quantité totale d'effluents pouvant être épandue sur la parcelle (m3) | B92: Quantité de minéraux pouvant être épandue (kg/ha) | F92: Différence de quantité d'effluents épandue (m3) | G92: Différence de quantité de minéraux épandue (kg/ha)
B93: N total | C93: P2O5 | D93: K2O | G93: N total | H93: P2O5 | I93: K2O
F94: =A94-I89 -> 0 | G94: =B94-J89 -> 0 | H94: =C94-K89 -> 0 | I94: =D94-L89 -> 0

Sheet Flux éléments
C1: Flux de minéraux
A4: 1/ Effluents d'élevage non introduits dans le digesteur
A6: Intitulés | B6: Quantité | C6: N | D6: P2O5 | E6: K2O | G6: Utiliser les références CORPEN
B7: t/an | C7: kg/an
A8: Lisier de truie | B8: 2300 | C8: 5800 | D8: 4400 | E8: 3850
A11: Total | B11: =SUM(B8:B10) -> 2300 | C11: =SUM(C8:C10) -> 5800 | D11: =SUM(D8:D10) -> 4400 | E11: =SUM(E8:E10) -> 3850
A14: 2/ Intrants digesteur
A16: Intitulés | B16: Quantité | C16: Potentiel M | D16: Energie | E16: MS | F16: N | G16: P2O5 | H16: K2O | I16: N | J16: P2O5 | K16: K2O
B17: t/an | C17: m3CH4/tMB | D17: kWh/tMB | E17: % | F17: kg/t matière brute | I17: kg/an
A18: Intrants effluents site d'exploitation
A19: Lisier de PS | B19: 1545 | F19: 2.5889968 | G19: 1.618123 | H19: 2.0297735 | I19: 4000 | J19: 2500 | K19: 3136
A20: Lisier d'engraissement | B20: 4200 | F20: 6.1071429 | G20: 3.2797619 | H20: 4.117381 | I20: 25650 | J20: 13775 | K20: 17293
A21: Lisier de taurillons | B21: 645 | F21: 3.33 | G21: 2.08 | H21: 3.83 | I21: 2147.85 | J21: 1341.6 | K21: 2470.35
A22: Fumier de bovin | B22: 850 | F22: 3.7647059 | G22: 2.3529412 | I22: 3200 | J22: 2000
A23: Sous total des effluents d'élevage | I23: =SUM(I19:I22) -> 34997.85 | J23: =SUM(J19:J22) -> 19616.6 | K23: =SUM(K19:K22) -> 22899.35
A24: Intrants extérieurs
A25: Déchets de légumes | B25: 989 | F25: 4.7 | G25: 1.13 | H25: 1.56 | I25: 4648.3 | J25: 1117.57 | K25: 1542.84
A26: Marc de pomme | B26: 387 | F26: 8 | G26: 0.3 | H26: 1.38 | I26: 3096 | J26: 116.1 | K26: 534.06
A27: Pelouse | B27: 125 | F27: 5.5 | G27: 2.2 | H27: 8.9 | I27: 687.5 | J27: 275 | K27: 1112.5
A28: Sucre et mélasse | B28: 74
A29: Aliment | B29: 62
A30: Vinasse | B30: 8
A31: Huile végétale | B31: 0.7
A32: Orange | B32: 12
A33: Graisses | B33: 20 | F33: 7.5 | G33: 2.8 | H33: 0.5 | I33: 150 | J33: 56 | K33: 75
A34: Déchets de céréales | B34: 588 | F34: 11 | G34: 5.6 | H34: 10.2 | I34: 6468 | J34: 3292.8 | K34: 5997.6
A35: Sous total des intrants extérieurs | I35: =SUM(I25:I34) -> 15049.8 | J35: =SUM(J25:J34) -> 4857.47 | K35: =SUM(K25:K34) -> 9262
A36: 2/a. Total des éléments à comptabiliser | I36: =SUM(I19:I22,I25:I34) -> 50047.65 | J36: =SUM(J19:J22,J25:J34) -> 24474.07 | K36: =SUM(K19:K22,K25:K34) -> 32161.35
A37: Résidus de cultures et CIVEs
A38: Ensilage d'herbe | B38: 834 | F38: 4.35 | G38: 1.76 | H38: 5.41 | I38: 3627.9 | J38: 1467.84 | K38: 4511.94
A39: Ensilage maïs | B39: 272 | F39: 5 | G39: 2 | H39: 5.8 | I39: 1360 | J39: 544 | K39: 1577.6
A40: Menue paille | B40: 19 | F40: 4.7 | G40: 2.1 | H40: 12.1 | I40: 89.3 | J40: 39.9 | K40: 229.9
A41: 2/b. Total des éléments à ne pas comptabiliser | I41: =SUM(I38:I40) -> 5077.2 | J41: =SUM(J38:J40) -> 2051.74 | K41: =SUM(K38:K40) -> 6319.44
A42: Total général | B42: =SUM(B19:B22,B25:B34,B38:B40) -> 10630.7 | C42: =SUM(C19:C22,C25:C34,C38:C40) -> 0 | D42: =SUM(D19:D22,D25:D34,D38:D40) -> 0 | I42: =SUM(I36+I41) -> 55124.85 | J42: =SUM(J36+J41) -> 26525.81 | K42: =SUM(K36+K41) -> 38480.79
A45: 3/ Total des intrants à comptabiliser pour le plan d'épandage (1/ + 2/a.)
A47: N | B47: P2O5 | C47: K2O
A48: kg/an
A49: =I36+C11 -> 55847.65 | B49: =J36+D11 -> 28874.07 | C49: =K36+E11 -> 36011.35
A51: 4/ Nature et quantité de digestat brut produit par le méthaniseur (simulations méthasim)
A53: Digestat brut produit sur l'exploitation | B53: Quantité | C53: MS | D53: N | E53: P2O5 | F53: K2O | G53: N | H53: P2O5 | I53: K2O
B54: t/an | C54: % | D54: kg/t matière brute | G54: kg/an
B55: 9533 | C55: 0.085 | D55: =G55/$B$55 -> 5.9 | E55: =H55/$B$55 -> 2.8 | G55: 56244.7 | H55: 26692.4

Sheet Flux énergie 
B1: Flux d'énergie
C6: 2/ Bilan de l'unité de méthanisation | D6: Valeurs | E6: Unités
C7: Production de digestat brut
C8: Quantité de digestat brut produit | E8: m3/an
C9: Production de gaz
C10: Production brute de biogaz | E10: MWh/an
C11: Proportion de méthane | E11: %
C12: Production nette de biogaz | E12: MWh/an
C13: Production annuelle de méthane | E13: m3/an
C14: Production d'énergie
C15: Energie primaire | D15: ='Descriptif technique'!C17*'Descriptif technique'!C18/1000 -> 6608.6957 | E15: MWh/an
C16: Electricité produite | D16: =D15*'Descriptif technique'!C19 -> 1520 | E16: MWh/an
C17: Energie thermique produite totale | D17: =D15*'Descriptif technique'!C20 -> 4097.3913 | E17: MWh PCI/an
C18: Energie thermique produite utile | D18: =D17*0.85 -> 3482.7826 | E18: MWh/an
C19: Chaleur non éligible V | E19: MWh/an
C20: Chaleur éligible V | E20: MWh/an
C21: Pertes co-générateur / chaudière | D21: =0.15*D15 -> 991.30435 | E21: MWh/an
C22: Consommation d'énergie pour le process
C23: Consommation électrique du process | E23: %
C24: Appoint fuel pour moteur dual-fuel | E24: MWh/an
C27: 1/ Valorisation thermique | D27: Valeurs | E27: Unité
C28: Hygiénisation substrats/co-substrats | D28: 0 | E28: MWh
C29: Chauffage digesteur | D29: 102 | E29: MWh
C30: Chauffage des habitations | D30: 0 | E30: MWh
C31: Production d'eau chaude | D31: 0 | E31: MWh
C32: Chauffage porcherie | D32: 0 | E32: MWh
C33: Chauffage des bâtiments volailles | D33: 0 | E33: MWh
C34: Chauffage de serres | D34: 0 | E34: MWh
C35: Procédés de séchage et de déshydratation | D35: =D18-SUM(D28:D34,D37:D38,D36) -> 3380.7826 | E35: MWh
C36: Séchage de bois d'œuvre | D36: 0 | E36: MWh
C37: Autre valorisation | D37: 0 | E37: MWh
C38: Energie thermique exportée/vendue | D38: 0 | E38: MWh
A43: 5/ Calcul masse d'eau à évaporer pour le séchage du mélange digestat + refus de séparation de phase solide, et concordance énergétique en fonction de la chaleur disponible
A46: a) Composition du mélange digestat brut + refus de séparation de phase solide
A48: Digestat | C48: Refus solide | E48: Mélange
A49: Total masse digestat à traiter(t/an) | B49: ='Schéma récapitulatif du process'!F29 -> 500 | C49: Total masse refus solide à traiter(t/an) | D49: ='Schéma récapitulatif du process'!J35 -> 1083.96 | E49: Total masse refus solide + digestat (t/an) | F49: =D49+B49 -> 1583.96
A50: MS (%) | B50: 0.085 | C50: MS (%) | D50: 0.2 | E50: MS (%) | F50: =F52/F49 -> 0.16369858
A51: Eau (%) | B51: 0.915 | C51: Eau (%) | D51: 0.8 | E51: Eau (%) | F51: =F53/F49 -> 0.83630142
A52: Masse MS (t) | B52: =B50*B49 -> 42.5 | C52: Masse MS (t) | D52: =D50*D49 -> 216.792 | E52: Masse MS (t) | F52: =D52+B52 -> 259.292
A53: Masse eau (t) | B53: =B51*B49 -> 457.5 | C53: Masse eau (t) | D53: =D51*D49 -> 867.168 | E53: Masse eau (t) | F53: =D53+B53 -> 1324.668
A55: b) Calcul masse d'eau à évaporer
A57: Avant séchage | D57: Masse d'eau à évaporer et énergie nécessaire
A59: Total masse digestat à traiter(t/an) | B59: =F49 -> 1583.96 | D59: Masse eau a évaporer (t) | E59: Nb de MWh pour évaporer 1L H2O | F59: Nb MWh nécessaire
A60: MS (%) | B60: =F50 -> 0.16369858 | D60: =B63-B70+V217 -> 1213.5429 | E60: 1.3 | F60: =D60*E60 -> 1577.6057
A61: Eau (%) | B61: =F51 -> 0.83630142 | E61: 1.2 | F61: =E61*D60 -> 1456.2514
A62: Masse MS (t) | B62: =F52 -> 259.292
A63: Masse eau (t) | B63: =F53 -> 1324.668
D64: Qté d'énergie thermique totale disponible pour le sécheur (MWh/an) | E64: =D35 -> 3380.7826
A65: Après séchage
A67: MS (%) | B67: 0.7 | D67: Différence de puissance pour le séchage du mélange (MWh/an) | E67: Proportion de mélange qui pourra être séchée (%) | F67: Qté de mélange pouvant être séchée (t) | G67: Qté de mélange ne pouvant pas être séchée (t)
A68: Eau (%) | B68: 0.3 | D68: =E64-F60 -> 1803.1769 | E68: =IF(D68<0,1-ABS(D68/F60),1) -> 1 | F68: =E68*B59 -> 1583.96 | G68: =IF(B59>F68,B59-F68,0) -> 0
A69: Masse MS (t) | B69: =B62 -> 259.292
A70: Masse eau (t) | B70: =B68*B69/B67 -> 111.12514
A71: M pdt brut après séchage (t) | B71: =B69+B70 -> 370.41714
A74: 6/ Evaluation de la concordance entre les quantités de mélange séchées données par l'exploitant et les valeurs réelles
A77: Qté d'énergie thermique totale disponible pour le sécheur (MWh/an) | B77: 1251
A78: Qté de mélange théoriquement séchée (t) (exemple) | B78: 1000 | C78: à modifier selon les dires de l'agriculteur
A80: Avant séchage
A81: Total masse digestat à traiter(t/an) | B81: =B78 -> 1000 | D81: Masse eau a évaporer (t) | E81: Qté d'énergie thermique totale disponible pour le sécheur (MWh/an) | F81: Nb de MWh pour évaporer 1L H2O (selon l'exploitant)
A82: MS (%) | B82: =B60 -> 0.16369858 | D82: =B85-B90 -> 766.14489 | E82: =E64 -> 3380.7826 | F82: =E82/D82 -> 4.4127197
A83: Eau (%) | B83: =B61 -> 0.83630142
A84: Masse MS (t) | B84: =B82*B81 -> 163.69858
A85: Masse eau (t) | B85: =B83*B81 -> 836.30142
A86: Après séchage
A87: MS (%) | B87: 0.7
A88: Eau (%) | B88: 0.3
A89: Masse MS (t) | B89: =B84 -> 163.69858
A90: Masse eau (t) | B90: =B88*B89/B87 -> 70.156534
A91: M pdt brut après séchage (t) | B91: =B89+B90 -> 233.85511

Sheet Schéma récapitulatif du process
A1: Schéma fonctionnel de la chaine de méthanisation + séchage + séparation de phase
A5: Intrants | B5: Effluents non introduits dans le digesteur (kg) | F5: Effluents élevage (kg) | J5: Déchets extérieurs (kg) | N5: CIVE et menues pailles (kg)
B6: N | C6: P2O5 | D6: K2O | F6: N | G6: P2O5 | H6: K2O | J6: N | K6: P2O5 | L6: K2O | N6: N | O6: P2O5 | P6: K2O
B7: ='Flux éléments'!C11 -> 5800 | C7: ='Flux éléments'!D11 -> 4400 | F7: ='Flux éléments'!I23 -> 34997.85 | G7: ='Flux éléments'!J23 -> 19616.6 | J7: ='Flux éléments'!I35 -> 15049.8 | K7: ='Flux éléments'!J35 -> 4857.47 | N7: 5077.2 | O7: 2051.74
B8: Volume (m³) | C8: ='Flux éléments'!B11 -> 2300 | F8: Volume (m³) | G8: =SUM('Flux éléments'!B19:B22) -> 7240 | J8: Volume (m³) | K8: =SUM('Flux éléments'!B25:B34) -> 2265.7 | N8: Volume (m³) | O8: 1125
A11: Méthanisation
G12: Méthanisation
G13: N | H13: P2O5 | I13: K2O
G14: =5.9*H15 -> 56244.7 | H14: =2.8*H15 -> 26692.4
G15: Volume (m³) | H15: 9533
A18: Digestat | G18: Digestat (kg)
G19: N | H19: P2O5 | I19: K2O
G20: =G14 -> 56244.7 | H20: =H14 -> 26692.4
G21: Volume (m³) | H21: =H15 -> 9533
A24: Traitement
E26: Digestat ne passant pas dans le séparateur (kg) | I26: Séparateur de phase | M26: Taux de capture DC
E27: N | F27: P2O5 | G27: K2O | I27: N | J27: P2O5 | K27: K2O | M27: N | N27: 0.2
E28: =G20*F29/H21 -> 2950 | F28: =H20*F29/H21 -> 1400 | I28: =G20*J29/H21 -> 53294.7 | J28: =H20*J29/H21 -> 25292.4 | M28: P2O5 | N28: 0.7
E29: Volume (m³) | F29: 500 | I29: Volume (m³) | J29: =H21-F29 -> 9033 | M29: K2O | N29: 0.1
I32: Solide | M32: Liquide | P32: Sans prise en compte des CIVE
I33: N | J33: P2O5 | K33: K2O | M33: N | N33: P2O5 | O33: K2O | P33: N | Q33: P2O5 | R33: K2O
I34: =N27*I28 -> 10658.94 | J34: =N28*J28 -> 17704.68 | M34: =I28-I34 -> 42635.76 | N34: =J28-J34 -> 7587.72 | P34: =M34-(M34/G20)*N7 -> 38787.037 | Q34: =N34-(N34/H20)*O7 -> 7004.4818
I35: Volume (m³) | J35: =J29*0.12 -> 1083.96 | M35: Volume (m³) | N35: =J29-J35 -> 7949.04 | P35: Volume (m³) | Q35: =N35-(N35/H21)*O8 -> 7010.9649
E39: Mélange Refus solide et digestat
E40: N | F40: P2O5 | G40: K2O
E41: =E28+I34 -> 13608.94 | F41: =F28+J34 -> 19104.68
E42: Volume (m³) | F42: =F29+J35 -> 1583.96
E45: Tapis de séchage (air + solide) (kg) | H45: Sans prise en compte des CIVE
E46: N | F46: P2O5 | G46: K2O | H46: N | I46: P2O5 | J46: K2O
E47: =E41 -> 13608.94 | F47: =F41 -> 19104.68 | H47: =E47-(E41/G20)*N7 -> 12380.463 | I47: =F47-(F41/H20)*O7 -> 17636.178
E48: Volume (m³) | F48: =F42 -> 1583.96 | H48: Volume (m³) | I48: =F48-(F42/H21)*O8 -> 1397.0351
A52: Epandage
E53: Plan d'épandage (kg)
E54: N | F54: P2O5 | G54: K2O
E55: =B7+P34 -> 44587.037 | F55: =C7+Q34 -> 11404.482
E56: Volume (m³) | F56: =C8+Q35 -> 9310.9649
E59: Disponibilité plan d'épandage (kg)
E60: N | F60: P2O5 | G60: K2O
E61: ='Plan épandage'!C21 -> 49174 | F61: ='Plan épandage'!D21 -> 17816
E65: Solde plan d'épandage (kg)
E66: N | F66: P | G66: K
E67: =E55-E61 -> -4586.9632 | F67: =F55-F61 -> -6411.5182

Sheet Flux éléments et énergie (2)
A1: Répartition des flux énergétiques et éléments minéraux
A3: 1/ Effluents d'élevage non introduits dans le digesteur
A5: Intitulés | B5: Quantité | C5: N | D5: P2O5 | E5: K2O | G5: Utiliser les références CORPEN
B6: t/an | C6: kg/an
A7: Lisier de truie | B7: 2300 | C7: 5800 | D7: 4400 | E7: 3850
A10: Total | B10: =SUM(B7:B9) -> 2300 | C10: =SUM(C7:C9) -> 5800 | D10: =SUM(D7:D9) -> 4400 | E10: =SUM(E7:E9) -> 3850
A13: 2/ Intrants digesteur
A15: Intitulés | B15: Quantité | C15: Potentiel M | D15: Energie | E15: MS | F15: N | G15: P2O5 | H15: K2O | I15: N | J15: P2O5 | K15: K2O
B16: t/an | C16: m3CH4/tMB | D16: kWh/tMB | E16: % | F16: kg/t matière brute | I16: kg/an
A17: Intrants effluents site d'exploitation
A18: Lisier de PS | B18: 1545 | F18: 2.5889968 | G18: 1.618123 | H18: 2.0297735 | I18: 4000 | J18: 2500 | K18: 3136
A19: Lisier d'engraissement | B19: 4200 | F19: 6.1071429 | G19: 3.2797619 | H19: 4.117381 | I19: 25650 | J19: 13775 | K19: 17293
A20: Lisier de taurillons | B20: 645 | F20: 3.33 | G20: 2.08 | H20: 3.83 | I20: 2147.85 | J20: 1341.6 | K20: 2470.35
A21: Fumier de bovin | B21: 850 | F21: 3.7647059 | G21: 2.3529412 | I21: 3200 | J21: 2000
A22: Sous total des effluents d'élevage | I22: =SUM(I18:I21) -> 34997.85 | J22: =SUM(J18:J21) -> 19616.6 | K22: =SUM(K18:K21) -> 22899.35
A23: Intrants extérieurs
A24: Déchets de légumes | B24: 989 | F24: 4.7 | G24: 1.13 | H24: 1.56 | I24: 4648.3 | J24: 1117.57 | K24: 1542.84
A25: Marc de pomme | B25: 387 | F25: 8 | G25: 0.3 | H25: 1.38 | I25: 3096 | J25: 116.1 | K25: 534.06
A26: Pelouse | B26: 125 | F26: 5.5 | G26: 2.2 | H26: 8.9 | I26: 687.5 | J26: 275 | K26: 1112.5
A27: Sucre et mélasse | B27: 74
A28: Aliment | B28: 62
A29: Vinasse | B29: 8
A30: Huile végétale | B30: 0.7
A31: Orange | B31: 12
A32: Graisses | B32: 20 | F32: 7.5 | G32: 2.8 | H32: 0.5 | I32: 150 | J32: 56 | K32: 75
A33: Déchets de céréales | B33: 588 | F33: 11 | G33: 5.6 | H33: 10.2 | I33: 6468 | J33: 3292.8 | K33: 5997.6
A34: Sous total des intrants extérieurs | I34: =SUM(I24:I33) -> 15049.8 | J34: =SUM(J24:J33) -> 4857.47 | K34: =SUM(K24:K33) -> 9262
A35: 2/a. Total des éléments à comptabiliser | I35: =SUM(I18:I21,I24:I33) -> 50047.65 | J35: =SUM(J18:J21,J24:J33) -> 24474.07 | K35: =SUM(K18:K21,K24:K33) -> 32161.35
A36: Résidus de cultures et CIVEs
A37: Ensilage d'herbe | B37: 834 | F37: 4.35 | G37: 1.76 | H37: 5.41 | I37: 3627.9 | J37: 1467.84 | K37: 4511.94
A38: Ensilage maïs | B38: 272 | F38: 5 | G38: 2 | H38: 5.8 | I38: 1360 | J38: 544 | K38: 1577.6
A39: Menue paille | B39: 19 | F39: 4.7 | G39: 2.1 | H39: 12.1 | I39: 89.3 | J39: 39.9 | K39: 229.9
A40: 2/b. Total des éléments à ne pas comptabiliser | I40: =SUM(I37:I39) -> 5077.2 | J40: =SUM(J37:J39) -> 2051.74 | K40: =SUM(K37:K39) -> 6319.44
A41: Total général | B41: =SUM(B18:B21,B24:B33,B37:B39) -> 10630.7 | C41: =SUM(C18:C21,C24:C33,C37:C39) -> 0 | D41: =SUM(D18:D21,D24:D33,D37:D39) -> 0 | I41: =SUM(I35+I40) -> 55124.85 | J41: =SUM(J35+J40) -> 26525.81 | K41: =SUM(K35+K40) -> 38480.79
A44: 3/ Total des intrants à comptabiliser pour le plan d'épandage (1/ + 2/a.)
A46: N | B46: P2O5 | C46: K2O
A47: kg/an
A48: =I35+C10 -> 55847.65 | B48: =J35+D10 -> 28874.07 | C48: =K35+E10 -> 36011.35
A50: 4/ Nature du digestat brut produit par le méthaniseur (simulations méthasim)
A52: Digestat brut produit sur l'exploitation | B52: Quantité | C52: MS | D52: N | E52: P2O5 | F52: K2O | G52: N | H52: P2O5 | I52: K2O
B53: t/an | C53: % | D53: kg/t matière brute | G53: kg/an
B54: 9533 | C54: 0.085 | D54: =G54/$B$54 -> 5.9 | E54: =H54/$B$54 -> 2.8 | G54: 56244.7 | H54: 26692.4
A58: 5/ Energie thermique nécessaire pour sécher la totalité du digestat
A60: Avant séchage | D60: Conclusion
A62: Total masse digestat à traiter(t/an) | B62: =J98 -> 8408 | D62: Masse eau a évaporer (t) | E62: Nb de MWh pour évaporer 1L H2O | F62: Nb MWh nécessaire
A63: MS (%) | B63: =C54 -> 0.085 | D63: =B66-B73 -> 7387.0286 | E63: 1.3 | F63: =D63*E63 -> 9603.1371
A64: Eau (%) | B64: =100%-B63 -> 0.915 | E64: 1.2 | F64: =E64*D63 -> 8864.4343
A65: Masse MS (t) | B65: =B63*B62 -> 714.68
A66: Masse eau (t) | B66: =B64*B62 -> 7693.32 | D66: Qté d'énergie thermique disponible pour le sécheur (MWh/an) | G66: 1251
A68: Après séchage | D68: Différence de puissance (MWh/an) | E68: Proportion de digestat qui ne pourra pas être séché (%) | F68: Qté de digestat qui ne pourra pas être séché (t) | G68: Qté de digestat pouvant être séché (t)
D69: =G66-F63 -> -8352.1371 | E69: =D69/F63*100 -> -86.973007 | F69: =E69/100*B62 -> -7312.6904 | G69: =B62+F69 -> 1095.3096
A70: MS (%) | B70: 0.7
A71: Eau (%) | B71: 0.3
A72: Masse MS (t) | B72: =B65 -> 714.68
A73: Masse eau (t) | B73: =B71*B72/B70 -> 306.29143
A74: M pdt brut après séchage (t) | B74: =B72+B73 -> 1020.9714
A78: 6/ Schéma fonctionnel de la chaine de méthanisation + séchage
A81: Intrants | B81: Effluents non introduits dans le digesteur (kg) | F81: Effluents élevage (kg) | J81: Déchets extérieurs (kg) | N81: CIVE et menues pailles (kg)
B82: N | C82: P | D82: K | F82: N | G82: P | H82: K | J82: N | K82: P | L82: K | N82: N | O82: P | P82: K
B83: =C10 -> 5800 | C83: =D10 -> 4400 | F83: =I22 -> 34997.85 | G83: =J22 -> 19616.6 | J83: =I34 -> 15049.8 | K83: =J34 -> 4857.47 | N83: =I40 -> 5077.2 | O83: =J40 -> 2051.74
B84: Volume (m³) | C84: =B10 -> 2300 | F84: Volume (m³) | G84: =SUM(B18:B21) -> 7240 | J84: Volume (m³) | K84: =SUM(B24:B33) -> 2265.7 | N84: Volume (m³) | O84: =SUM(B37:B39) -> 1125
A87: Méthanisation
G88: Méthanisation (kg)
G89: N | H89: P | I89: K
G90: =5.9*H91 -> 56244.7 | H90: =2.8*H91 -> 26692.4
G91: Volume (m³) | H91: 9533
A94: Digestat
F95: Digestat (kg) | I95: Digestat (sans prise en compte des CIVES et menues pailles) (kg)
F96: N | G96: P | H96: K | I96: N | J96: P | K96: K
F97: =G90 -> 56244.7 | G97: =H90 -> 26692.4 | I97: =F97-N83 -> 51167.5 | J97: =G97-O83 -> 24640.66
F98: Volume (m³) | G98: =H91 -> 9533 | I98: Volume (m³) | J98: =H91-O84 -> 8408
A100: Traitement
G103: Digestat ne passant pas dans le séparateur (kg)
G104: N | H104: P | I104: K
G105: =I97 -> 51167.5 | H105: =G105/(F97/G97) -> 24282.881
G106: Volume (m³) | H106: =J98 -> 8408
G111: Tapis de séchage (air + solide) (kg)
G112: N | H112: P | I112: K
G113: =G105 -> 51167.5 | H113: =H105 -> 24282.881
G114: Volume (m³) | H114: =H106+H109 -> 8408
A119: Epandage | G119: Plan d'épandage (kg)
G120: N | H120: P | I120: K
G121: =B83 -> 5800 | H121: =C83 -> 4400
G122: Volume (m³) | H122: =C84+B68 -> 2300
G125: Disponibilité plan d'épandage (kg)
G126: N | H126: P | I126: K
G127: ='Plan épandage'!C21 -> 49174 | H127: ='Plan épandage'!D21 -> 17816
G131: Solde plan d'épandage (kg)
G132: N | H132: P | I132: K
G133: =G121-G127 -> -43374 | H133: =H121-H127 -> -13416

Sheet Sources P2O5 K2O
A1: Sources
A3: 1/ Niveaux d'exigence pour le P2O5 et le K2O de différentes cultures
A5: Cultures | B5: Niveau d'exigence
B6: P2O5 | C6: K2O | E6: Résidus de récolte :
A7: Betteraves | B7: Très exigeantes | C7: Très exigeantes | E7: 1 | F7: Ramassé
A8: Colza | B8: Très exigeantes | C8: Moyennement exigeantes | E8: 2 | F8: Enfoui
A9: Luzerne | B9: Très exigeantes | C9: Moyennement exigeantes | E9: Repousse du précédent :
A10: Pomme de terre | B10: Très exigeantes | C10: Très exigeantes | E10: 1 | F10: Conservées
A11: Blé suivant un blé | B11: Moyennement exigeantes | E11: 2 | F11: Détruites
A12: Blé dur | B12: Moyennement exigeantes | C12: Peu exigentes
A13: Maïs ensilage | B13: Moyennement exigeantes | E13: Nom des différentes régions :
A14: Orge | B14: Moyennement exigeantes | C14: Peu exigentes | E14: 1 | F14: Nord Picardie
A15: Pois | B15: Moyennement exigeantes | C15: Moyennement exigeantes | E15: 2 | F15: Champagne Ardenne
A16: Ray-grass | B16: Moyennement exigeantes | C16: Moyennement exigeantes | E16: 3 | F16: Lorraine
A17: Sorgho | B17: Moyennement exigeantes | C17: Peu exigentes | E17: 4 | F17: Alsace
A18: Avoine | B18: Peu exigentes | C18: Peu exigentes | E18: 5 | F18: Franche Comté
A19: Blé tendre | B19: Peu exigentes | C19: Peu exigentes | E19: 6 | F19: Bourgogne
A20: Maïs grain | B20: Peu exigentes | E20: 7 | F20: Centre Limousin
A21: Seigle | B21: Peu exigentes | C21: Peu exigentes | E21: 8 | F21: Centre Bassin parisien
A22: Soja | B22: Peu exigentes | C22: Moyennement exigeantes | E22: 9 | F22: Haute Normandie
A23: Tournesol | B23: Peu exigentes | C23: Moyennement exigeantes | E23: 10 | F23: Basse Normandie
A24: Maïs | C24: Moyennement exigeantes | E24: 11 | F24: Bretagne Pays de Loire
E25: 12 | F25: Poitou Charentes
E26: 13 | F26: Haute Marne
E27: 14 | F27: Auvergne
E28: 15 | F28: Rhone Alpes Saône et Loire
E29: 16 | F29: Sud Ouest
A33: 2/ TENEURS-SEUILS PK PAR TYPE DE SOL
A34: (teneurs-seuils régionalisés par ARVALIS - Institut du Végétal)
A35: Unités : mg/kg (ou ppm) de terre fine | C35: Seuils P2O5 en mg/kg - Méthode Joret-Herbert | I35: Seuils K2O échangeables, en mg/kg
A36: Région | B36: Exigence de la culture==> | C36: Très exigeantes | E36: Moyennement exigeantes | G36: Peu exigentes | I36: Très exigeantes | K36: Moyennement exigeantes | M36: Peu exigentes
B37: Type de sol | C37: T renforcé | D37: T impasse | E37: T renforcé | F37: T impasse | G37: T renforcé | H37: T impasse | I37: T renforcé | J37: T impasse | K37: T renforcé | L37: T impasse | M37: T renforcé | N37: T impasse
A38: Nord Picardie | B38: Limons battants | C38: 100 | D38: 160 | E38: 100 | F38: 160 | G38: 70 | H38: 150 | I38: 170 | J38: 300 | K38: 120 | L38: 180 | M38: 80 | N38: 150
A39: Nord Picardie | B39: Limons argileux | C39: 100 | D39: 160 | E39: 100 | F39: 160 | G39: 70 | H39: 150 | I39: 200 | J39: 400 | K39: 150 | L39: 220 | M39: 100 | N39: 150
A40: Nord Picardie | B40: Argiles | C40: 100 | D40: 160 | E40: 100 | F40: 160 | G40: 70 | H40: 15 | I40: 250 | J40: 450 | K40: 200 | L40: 170 | M40: 150 | N40: 200
A41: Nord Picardie | B41: Cranettes | C41: 280 | D41: 400 | E41: 250 | F41: 300 | G41: 200 | H41: 260 | I41: 200 | J41: 400 | K41: 80 | L41: 250 | M41: 50 | N41: 100
A42: Champagne Ardenne | B42: Craie | C42: 280 | D42: 400 | E42: 250 | F42: 300 | G42: 200 | H42: 260 | I42: 200 | J42: 400 | K42: 80 | L42: 250 | M42: 50 | N42: 100
A43: Champagne Ardenne | B43: Limon | C43: 100 | D43: 160 | E43: 100 | F43: 160 | G43: 70 | H43: 150 | I43: 170 | J43: 300 | K43: 120 | L43: 180 | M43: 80 | N43: 150
A44: Champagne Ardenne | B44: Limon argileux | C44: 100 | D44: 160 | E44: 100 | F44: 160 | G44: 70 | H44: 150 | I44: 200 | J44: 400 | K44: 150 | L44: 220 | M44: 100 | N44: 150
A45: Champagne Ardenne | B45: Argilo-calcaire superf | C45: 140 | D45: 200 | E45: 80 | F45: 180 | G45: 70 | H45: 150 | I45: 300 | J45: 450 | K45: 300 | L45: 400 | M45: 150 | N45: 300
A46: Champagne Ardenne | B46: Argilo-calcaire prof | C46: 120 | D46: 180 | E46: 80 | F46: 120 | G46: 50 | H46: 120 | I46: 250 | J46: 300 | K46: 200 | L46: 300 | M46: 100 | N46: 180
A47: Champagne Ardenne | B47: Sable | C47: 60 | D47: 160 | E47: 60 | F47: 160 | G47: 40 | H47: 130 | I47: 100 | J47: 100 | K47: 70 | L47: 100 | M47: 60 | N47: 100
A48: Lorraine | B48: Argilo-calcaires profonds (Barrois, Haye), argiles calcaires du plateau lorrain | C48: 120 | D48: 180 | E48: 80 | F48: 120 | G48: 50 | H48: 120 | I48: 250 | J48: 300 | K48: 200 | L48: 300 | M48: 100 | N48: 180
A49: Lorraine | B49: Argilo-calcaire superficiels (prof<=40cm) | C49: 140 | D49: 200 | E49: 80 | F49: 180 | G49: 70 | H49: 150 | I49: 300 | J49: 450 | K49: 300 | L49: 400 | M49: 150 | N49: 300
... A124: Sud Ouest | B124: Sols basiques ou argilo-calcaires (terreforts, alluvions) | C124: 60 | D124: 120 | E124: 60 | F124: 100 | G124: 40 | H124: 100 | I124: 150 | J124: 200 | K124: 80 | L124: 120 | M124: 40 | N124: 120
A127: 3 a/ Grille de calcul des doses de phosphore (P2O5) à apporter
A129: Exigence des cultures | B129: Nombre d'années sans apports depuis la dernière fertilisation (ans) | C129: Coefficients
A130: Très exigeantes | B130: 0 | C130: 2.2 | D130: 1.5 | E130: 1.2 | F130: 1 | G130: 0.8 | H130: 0 | I130: 0
A131: Très exigeantes | B131: 1 | C131: 3.3 | D131: 2 | E131: 1.5 | F131: 1.2 | G131: 1 | H131: 0 | I131: 0
A132: Très exigeantes | B132: 2 ou + | C132: 3.7 | D132: 2.7 | E132: 2 | F132: 1.5 | G132: 1.2 | H132: 0.8 | I132: 0
A133: Moyennement exigeantes | B133: 0 | C133: 1.6 | D133: 1 | E133: 1 | F133: 0 | G133: 0 | H133: 0 | I133: 0
A134: Moyennement exigeantes | B134: 1 | C134: 1.8 | D134: 1.2 | E134: 1 | F134: 1 | G134: 0.8 | H134: 0 | I134: 0
A135: Moyennement exigeantes | B135: 2 ou + | C135: 2 | D135: 1.7 | E135: 1.5 | F135: 1.2 | G135: 1 | H135: 0.6 | I135: 0
A136: Peu exigentes | B136: 0 | C136: 1.3 | D136: 1 | E136: 0.8 | F136: 0 | G136: 0 | H136: 0 | I136: 0
A137: Peu exigentes | B137: 1 | C137: 1.6 | D137: 1 | E137: 1 | F137: 0 | G137: 0 | H137: 0 | I137: 0
A138: Peu exigentes | B138: 2 ou + | C138: 1.6 | D138: 1.2 | E138: 1 | F138: 1 | G138: 0.8 | H138: 0 | I138: 0
A140: 3 b/ Grille de calcul des doses de potassium (K2O) à apporter surles grandes cultures
A143: Exigence des cultures | B143: Nombre d'années sans apports depuis la dernière fertilisation (ans) | C143: Coefficients | K143: exemple : si la teneur d'un sol est inférieur au T renforcé correspondant, on choisi le coefficient dans la colonne à gauche de T renforcé.
A144: Très exigeantes | B144: 0 | C144: 1.7 | D144: 1.2 | E144: 1 | F144: 0.8 | G144: 0.6 | H144: 0 | I144: 0
B145: 1 | C145: 2 | D145: 1.4 | E145: 1.2 | F145: 1 | G145: 0.8 | H145: 0 | I145: 0
B146: 2 ou + | C146: 2.3 | D146: 1.5 | E146: 1.4 | F146: 1.2 | G146: 1 | H146: 0.8 | I146: 0 | K146: Autre exemple : si la teneur d'un sol est supérieur au T impasse correspondant, on choisi la valeur de coeffiient à droite de T impasse (si la teneur n'exède pas 2x T impasse)
A147: Moyennement exigeantes | B147: 0 | C147: 1.6 | D147: 1.2 | E147: 1 | F147: 0 | G147: 0 | H147: 0 | I147: 0
B148: 1 | C148: 2.2 | D148: 1.4 | E148: 1.2 | F148: 1 | G148: 0.5 | H148: 0 | I148: 0
B149: 2 ou + | C149: 2.2 | D149: 1.6 | E149: 1.4 | F149: 1.2 | G149: 1 | H149: 0.8 | I149: 0
A150: Peu exigentes | B150: 0 | C150: 1.2 | D150: 1 | E150: 1 | F150: 0 | G150: 0 | H150: 0 | I150: 0
B151: 1 | C151: 1.2 | D151: 1.1 | E151: 1 | F151: 0 | G151: 0 | H151: 0 | I151: 0
B152: 2 ou + | C152: 1.2 | D152: 1.2 | E152: 1 | F152: 1 | G152: 1 | H152: 0 | I152: 0
A155: 3 c/ Grille de calcul des doses de potassium (K2O) à apporter sur les cultures fourragères
A157: Exigence des cultures | B157: Nombre d'années sans apports depuis la dernière fertilisation (ans) | C157: Coefficients
A158: Moyennement exigeantes | B158: 0 | C158: 1 | D158: 1 | E158: 0.8 | F158: 0.6 | G158: 0 | H158: 0 | I158: 0
B159: 1 | C159: 1.5 | D159: 1.2 | E159: 1 | F159: 0.8 | G159: 0.6 | H159: 0 | I159: 0
B160: 2 ou + | C160: 1.5 | D160: 1.2 | E160: 1 | F160: 1 | G160: 0.8 | H160: 0.4 | I160: 0
A162: 4/ Grille de teneur en N P K des organes végétaux récoltés
A164: Espèce | B164: Organe | C164: % Mat. Sèche récolte (1) | D164: Unité de teneur (2) | E164: P2O5 | F164: K2O | G164: MgO
A165: Grandes cultures (teneur par unité de récolte)
A166: Avoine | B166: grain | C166: 85 | D166: kg / q | E166: 0.75 | F166: 0.45 | G166: 0.12
B167: paille (3) | C167: 86 | D167: kg / t | E167: 3 | F167: 12 | G167: 1,00 (4)
A168: Betterave sucrière | B168: racine | C168: 16% sucre | E168: 0.5 | F168: 1.8 | G168: 0.35
A169: Blé dur | B169: grain | C169: 85 | D169: kg / q | E169: 0.85 | F169: 0.45 | G169: 0.19
A170: Blé tendre | B170: grain | C170: 85 | D170: kg / q | E170: 0.65 | F170: 0.5 | G170: 0.12
A171: Blé | B171: paille | C171: 88 | D171: kg / t | E171: 1.7 | F171: 12.3 | G171: 0.85
A172: Chicorée | B172: racine | C172: 20 | D172: kg / t | E172: 0.8 | F172: 4.5 | G172: 0.3
A173: Colza | B173: grain | C173: 91 | D173: kg / q | E173: 1.25 | F173: 0.85 | G173: 0.35
B174: paille | C174: 88 | D174: kg / t | E174: 1.7 | F174: 14.5 | G174: 0.75
A175: Féverole | B175: grain | C175: 86 | D175: kg / q | E175: 1.2 | F175: 1.3 | G175: 0.23
A176: Lentille | B176: grain | C176: 86 | D176: kg / q | E176: 0.9 | F176: - | G176: -
A177: Lin | B177: grain | C177: 91 | D177: kg / q | E177: 1.35 | F177: 0.8 | G177: 0.55
B178: tige rouie | C178: 100 | D178: kg / t | E178: 2.05 | F178: 7.2 | G178: 1.3
A179: Lupin | B179: tige rouie | C179: 100 | D179: kg / t | E179: 2.05 | F179: 7.2 | G179: 1.3
A180: Maïs | B180: épi entier | C180: 81 | D180: kg / q | E180: 0.65 | F180: 0.45 | G180: 0.14
B181: grain | C181: 85 | D181: kg / q | E181: 0.6 | F181: 0.55 | G181: 0.13
A182: Millet | B182: grain | C182: 85 | D182: kg / q | E182: 0.6 | F182: - | G182: -
A183: Orge | B183: grain | C183: 85 | D183: kg / q | E183: 0.65 | F183: 0.55 | G183: 0.15
B184: paille | C184: 88 | D184: kg / t | E184: 1 | F184: 12.9 | G184: 0.75
A185: Pois | B185: grain | C185: 86 | D185: kg / q | E185: 0.8 | F185: 1.15 | G185: 0.18
B186: paille | C186: 88 | D186: kg / t | E186: 2.1 | F186: 19 | G186: 2.05
A187: Pois chiche | B187: grain | C187: 86 | D187: kg / q | E187: 0.7 | F187: 0.7 | G187: 0.17
A188: Pomme de terre conso. | B188: tubercule | C188: 20 | D188: kg / t | E188: 0.95 | F188: 3.9 | G188: 0.3
A189: Pomme de terre fécule | B189: tubercule | C189: 26 | D189: kg / t | E189: 1.25 | F189: 5.1 | G189: -
A190: Riz | B190: grain (5) | C190: 85 | D190: kg / q | E190: 0.6 | F190: 0.3 | G190: -
...

Sheet Sources N
